 Dungeon Crawl Stone Soup version 0.32-a0-986-ga09f62fbf4 (webtiles) character file.

Game seed: 319392222193315685

8266643 holysushi the Blood Saint (level 27, 288/288 HPs)
             Began as a Demonspawn Air Elementalist on Apr 21, 2024.
             Was a High Priest of Beogh.
             Escaped with the Orb
             ... and 11 runes
             ... and 1 gem!
             The game lasted 04:56:43 (110745 turns).

holysushi the Blood Saint (DsAE)                  Turns: 110745, Time: 04:56:44

Health: 288/288    AC: 17    Str: 10    XL:     27
Magic:  62/62      EV: 28    Int: 47    God:    Beogh [*****.]
Gold:   7510       SH:  4    Dex: 17    Spells: 29/78 levels left

rFire   + . .        a - +3 Elemental Staff {ele, rElec rF+ rC+ AC+3}
rCold   + . .        v - crystal ball of Wucad Mu {*channel}
rNeg    + + +        S - +4 robe of the Bouncing Nights {rN++ Regen+}
rPois   +            (helmet unavailable)
rElec   +            x - +2 cloak "Caomoecs" {rElec rN+ Will+ Int+3}
rCorr   .            d - +2 pair of gloves {Dex+3}
SInv    +            E - +2 pair of boots {Stlth+}
Will    +++..        z - amulet of the Air {Inacc Air Fly rElec RMsl}
Stlth   ++           b - +6 ring of intelligence
HPRegen 1.48/turn    R - ring of Finality {MP+9 Int+4 SInv}
MPRegen 0.76/turn

%: inaccuracy (-5), repel missiles, guardian spirit, wizardry (x1), channel
magic (40%)
@: flying, studying 3 skills
A: walk on water, antennae 3, robust 3, spiny 3, magic shield, magic
regeneration, magic link, big brain 3, large bone plates 1, deformed body,
poison resistance, screaming 1
0: Orb of Zot
}: 11/15 runes: serpentine, barnacled, slimy, silver, iron, abyssal, demonic,
glowing, magical, fiery, dark
a: Renounce Religion, Smiting, Recall Apostles, Blood for Blood, Dismiss
Margrim, warrior, Dismiss Zorug, warrior, Dismiss Gorbash, wizard


You escaped.
You worshipped Beogh.
Beogh was extremely pleased with you.
You visited 15 branches of the dungeon, and saw 65 of its levels.
You visited Pandemonium 2 times, and saw 16 of its levels.
You visited the Abyss 1 time.
You visited 1 bazaar.
You visited 1 ziggurat, and saw 16 of its levels.
You also visited: Bailey and Desolation.

You collected 13926 gold pieces.
You spent 6416 gold pieces at shops.

Inventory:

Hand Weapons
 a - the +3 Elemental Staff (weapon) {ele, rElec rF+ rC+ AC+3}
   (You found it in a bailey)

   AC+3:      It affects your AC (+3).
   rF+:       It protects you from fire.
   rC+:       It protects you from cold.
   rElec:     It insulates you from electricity.
Armour
 c - the orb of Erergh {*channel, Harm rN+ Slay-2 Tloc}
   (You took it off Frederick on level 5 of the Vaults)

   Slay-2:    It affects your accuracy & damage with ranged weapons and melee
   (-2).
   rN+:       It protects you from negative energy.
   Harm:      It increases damage dealt and taken.
   Tloc:      It increases the power of your Translocations spells.
 d - a +2 pair of gloves of dexterity (worn)
 l - the +8 orange crystal plate armour {Archmagi, Int+3 Clar}
   (You found it on level 15 of the Dungeon)

   Int+3:     It affects your intelligence (+3).
   Clar:      It protects you from confusion, rage, mesmerisation and fear.
 v - the crystal ball of Wucad Mu (worn) {*channel}
   (You bought it in a shop on level 3 of the Vaults)

   *Channel:  It often returns the magic spent to cast spells, but lowers their
   success rate.
   It always returns the magic spent on miscasts.
 x - the +2 cloak "Caomoecs" (worn) {rElec rN+ Will+ Int+3}
   (You found it on level 5 of the Vaults)

   Int+3:     It affects your intelligence (+3).
   rElec:     It insulates you from electricity.
   rN+:       It protects you from negative energy.
   Will+:     It increases your willpower.
 E - a +2 pair of boots of stealth (worn)
 S - the +4 robe of the Bouncing Nights (worn) {rN++ Regen+}
   (You took it off Boris on level 3 of the Crypt)

   rN++:      It greatly protects you from negative energy.
   Regen+:    It increases your rate of health regeneration.
Jewellery
 b - a +6 ring of intelligence (left hand)
 z - the amulet of the Air (around neck) {Inacc Air Fly rElec RMsl}
   (You found it on level 5 of the Pits of Slime)

   [amulet of nothing]

   Inacc:     It reduces the accuracy of your attacks and spells.
   Air:       It enhances your air magic.
   rElec:     It insulates you from electricity.
   Fly:       It grants you flight.
   RMsl:      It protects you from missiles.
 A - a ring of poison resistance
 F - the ring of Vydoseecao {Will+++ MP+9 Str+2 Int-4}
   (You took it off a servant of whispers in the Desolation of Salt)

   [ring of magical power]

   Str+2:     It affects your strength (+2).
   Int-4:     It affects your intelligence (-4).
   Will+++:   It greatly increases your willpower.
   MP+9:      It affects your magic capacity (+9).
 G - the ring of Paranoia {rF+ rC+ Will+ Stlth+}
   (You took it off a ragged hierophant in the Desolation of Salt)

   [ring of protection from fire]

   rF+:       It protects you from fire.
   rC+:       It protects you from cold.
   Will+:     It increases your willpower.
   Stlth+:    It makes you more stealthy.
 K - the amulet of the Baku {Reflect rElec Str-3 Int+6 SH+5}
   (You acquired it on level 11 of the Dungeon)

   [amulet of reflection]

   Reflect:   It reflects blocked missile attacks.
   Str-3:     It affects your strength (-3).
   Int+6:     It affects your intelligence (+6).
   rElec:     It insulates you from electricity.
   SH+5:      It affects your SH (+5).
 L - a ring of resist corrosion
 R - the ring of Finality (right hand) {MP+9 Int+4 SInv}
   (You found it on level 12 of a ziggurat)

   [ring of magical power]

   Int+4:     It affects your intelligence (+4).
   MP+9:      It affects your magic capacity (+9).
   SInv:      It lets you see invisible.
Talismans
 f - the serpent talisman of Aboyci Xeera {Int+5 Stlth+}
   (You took it off Aizul on level 1 of the Snake Pit)

   [serpent talisman]

   Int+5:     It affects your intelligence (+5).
   Stlth+:    It makes you more stealthy.
Wands
 o - a wand of light (54)
 s - a wand of flame (182)
 y - a wand of paralysis (100)
 I - a wand of iceblast (64)
 W - a wand of polymorph (50)
 Z - a wand of digging (30)
Scrolls
 g - 6 scrolls of silence
 j - 10 scrolls of fog
 n - 7 scrolls of amnesia
 p - 11 scrolls of vulnerability
 r - 3 scrolls of blinking
 u - 7 scrolls of immolation
 B - 22 scrolls of teleportation
 C - 5 scrolls of revelation
 T - 3 scrolls of summoning
 V - 8 scrolls of fear
 Y - 4 scrolls of enchant armour
Potions
 e - 10 potions of lignification
 h - 12 potions of mutation
 i - 16 potions of curing
 k - 2 potions of resistance
 m - 6 potions of enlightenment
 q - a potion of brilliance
 t - 6 potions of berserk rage
 w - 13 potions of cancellation
 H - 3 potions of magic
 M - 7 potions of haste
 O - 5 potions of heal wounds
 P - 4 potions of might
 U - 3 potions of invisibility
Miscellaneous
 D - a phial of floods
 J - a phantom mirror
 N - the horn of Geryon
 Q - a lightning rod (4/4)
 X - a sack of spiders


   Skills:
 + Level 19.4 Fighting
 - Level 2.0 Short Blades
 - Level 12.0 Staves
 - Level 4.0 Armour
 O Level 27 Dodging
 - Level 10.0 Stealth
 - Level 6.4 Shields
 + Level 26.3 Spellcasting
 - Level 22.3 Conjurations
 - Level 2.0 Fire Magic
 - Level 22.0 Air Magic
 O Level 27 Invocations
 - Level 20.0 Evocations


You had 29 spell levels left.
You knew the following spells:

 Your Spells              Type           Power      Damage    Failure   Level
a - Plasma Beam           Fire/Air       91%        2x1d110   1%          6
b - Magnavolt             Erth/Air       90%        3d31      3%          7
c - Maxwell's Capacitive  Air            92%        ∞         1%          8
d - Chain Lightning       Conj/Air       92%        3d123     3%          9
e - Starburst             Conj/Fire      66%        6d17      1%          6
f - Borgnjor's Vile Clut  Necr/Erth      37%        N/A       7%          5
g - Apportation           Tloc           100%       N/A       1%          1
h - Static Discharge      Conj/Air       100%       3-8/arc   1%          2
i - Shock                 Conj/Air       100%       1d9       1%          1
j - Airstrike             Air            92%        2d(14-30) 1%          4

Your spell library contained the following spells:

 Spells                   Type           Power      Damage    Failure   Level
 Foxfire                  Conj/Fire      100%       2x1d9     1%          1
 Magic Dart               Conj           100%       1d8       1%          1
 Necrotise                Necr           100%       1d9       1%          1
 Slow                     Hex            100%       N/A       1%          1
 Sting                    Conj/Alch      100%       1d9       1%          1
 Summon Small Mammal      Summ           100%       N/A       1%          1
 Blink                    Tloc           100%       N/A       1%          2
 Call Imp                 Summ           100%       N/A       1%          2
 Cigotuvi's Dreadful Rot  Necr/Alch/Air  100%       N/A       1%          2
 Lesser Beckoning         Tloc           100%       N/A       1%          2
 Momentum Strike          Conj/Tloc      100%       3d10      1%          2
 Scorch                   Fire           100%       2d9       1%          2
 Searing Ray              Conj           100%       2d8       1%          2
 Sublimation of Blood     Necr           58%        N/A       1%          2
 Call Canine Familiar     Summ           58%        N/A       1%          3
 Confusing Touch          Hex            58%        N/A       1%          3
 Dazzling Flash           Conj/Hex       100%       N/A       1%          3
 Frozen Ramparts          Ice            100%       1d16      1%          3
 Fugue of the Fallen      Necr           58%        N/A       1%          3
 Hailstorm                Conj/Ice       100%       3d16      1%          3
 Inner Flame              Hex/Fire       82%        N/A       1%          3
 Maxwell's Portable Pile  Tloc           58%        2d(11-31) 1%          3
 Mephitic Cloud           Conj/Alch/Air  100%       N/A       1%          3
 Ozocubu's Armour         Ice            75%        N/A       1%          3
 Sigil of Binding         Hex            58%        N/A       1%          3
 Stone Arrow              Conj/Erth      100%       3d13      1%          3
 Summon Ice Beast         Ice/Summ       75%        N/A       1%          3
 Swiftness                Air            100%       N/A       1%          3
 Teleport Other           Tloc           58%        N/A       1%          3
 Tukima's Dance           Hex            58%        N/A       1%          3
 Vampiric Draining        Necr           58%        2d10      1%          3
 Volatile Blastmotes      Fire/Tloc      100%       2d18      1%          3
 Flame Wave               Conj/Fire      100%       2d21      1%          4
 Fulminant Prism          Conj/Alch      52%        3d23      1%          4
 Iskenderun's Mystic Bla  Conj/Tloc      100%       2d19      (+2d11%     4
 Summon Lightning Spire   Summ/Air       100%       N/A       1%          4
 Vhi's Electric Charge    Tloc/Air       100%       N/A       1%          4
 Arcjolt                  Conj/Air       92%        1d102     1%          5
 Fireball                 Conj/Fire      66%        3d25      1%          5
 Freezing Cloud           Conj/Ice/Air   96%        6-21      1%          5
 Irradiate                Conj/Alch      52%        3d29      1%          5
 Silence                  Hex/Air        76%        N/A       1%          5
 Conjure Ball Lightning   Conj/Air       92%        3x3d35    1%          6
 Ignite Poison            Fire/Alch      82%        N/A       2%          4
 Sticky Flame             Fire/Alch      82%        2d13      2%          4
 Summon Blazeheart Golem  Fire/Summ      82%        N/A       2%          4
 Anguish                  Hex/Necr       29%        N/A       3%          4
 Animate Armour           Summ/Erth      100%       N/A       3%          4
 Animate Dead             Necr           58%        N/A       3%          4
 Cause Fear               Hex            29%        N/A       3%          4
 Dimensional Bullseye     Hex/Tloc       29%        N/A       3%          4
 Dispel Undead            Necr           58%        3d21      3%          4
 Leda's Liquefaction      Alch/Erth      37%        N/A       3%          4
 Martyr's Knell           Necr/Summ      58%        N/A       3%          4
 Passage of Golubria      Tloc           58%        N/A       3%          4
 Alistair's Intoxication  Alch           38%        N/A       7%          5
 Curse of Agony           Necr           58%        N/A       7%          5
 Lee's Rapid Deconstruct  Erth           37%        3d19*     7%          5
 Metabolic Englaciation   Hex/Ice        37%        N/A       7%          5
 Summon Forest            Summ/Tloc      29%        N/A       7%          5
 Summon Mana Viper        Hex/Summ       58%        N/A       7%          5
 Yara's Violent Unravell  Hex/Alch       29%        3d12      7%          5
 Fulsome Fusillade        Conj/Alch      52%        (3-5)d15  13%         8
 Lehudib's Crystal Spear  Conj/Erth      64%        10d15     13%         8
 Death Channel            Necr           29%        N/A       26%         6
 Dispersal                Tloc           29%        N/A       26%         6
 Eringya's Noxious Bog    Alch           29%        4d6       26%         6
 Gell's Gavotte           Tloc           29%        2d(24-36) 26%         6
 Permafrost Eruption      Ice/Erth       47%        2x4d11    26%         6
 Sculpt Simulacrum        Ice/Alch       37%        N/A       26%         6
 Summon Cactus Giant      Summ           29%        N/A       26%         6
 Fire Storm               Conj/Fire      66%        8d17      63%         9
 Enfeeble                 Hex            29%        N/A       71%         7
 Haunt                    Necr/Summ      29%        N/A       71%         7
 Malign Gateway           Summ/Tloc      29%        N/A       71%         7
 Manifold Assault         Tloc           29%        N/A       71%         7
 Monstrous Menagerie      Summ           29%        N/A       71%         7
 Ozocubu's Refrigeration  Ice            37%        4d15      71%         7
 Rimeblight               Ice/Necr       37%        2d7       (prima71%   7
 Seismic Cannonade        Alch/Erth      37%        6d13      71%         7
 Ignition                 Fire           44%        3d13      96%         8
 Borgnjor's Revivificati  Necr           29%        N/A       99%         8
 Discord                  Hex            29%        N/A       99%         8
 Disjunction              Tloc           29%        N/A       99%         8
 Infestation              Necr           29%        N/A       99%         8
 Summon Horrible Things   Summ           29%        N/A       99%         8
 Death's Door             Necr           29%        N/A       100%        9
 Dragon's Call            Summ           29%        N/A       100%        9
 Polar Vortex             Ice            37%        12d5*     100%        9
 Shatter                  Erth           37%        3d30*     100%        9


Dungeon Overview and Level Annotations

Branches:
Dungeon (15/15)            Temple (1/1) D:4            Lair (5/5) D:9
 Shoals (4/4) Lair:2        Snake (4/4) Lair:3        Slime (5/5) Lair:4
    Orc (2/2) D:9             Elf (3/3) Orc:2        Vaults (5/5) D:13
  Crypt (3/3) Vaults:3       Tomb (1/3) Crypt:3      Depths (4/4) D:15
   Hell (visited)             Dis (7/7) Hell            Geh (0/7) Hell
    Coc (0/7) Hell            Tar (0/7) Hell            Zot (5/5) Depths:4
 Bailey (visited)         Desolation (visited)

Altars:
Ashenzari
Cheibriados
Dithmenos
Fedhas
Gozag
Hepliaklqana
Kikubaaqudgha
Makhleb
Nemelex Xobeh
Okawaru
Qazlal
Ru
Sif Muna
Trog
Uskayaw
Vehumet
Wu Jian
Xom
Yredelemnul
Beogh

Shops:
D:4 [   D:9 ([=   Orc:1 (   Orc:2 ?*[:   Elf:1 (   Elf:3 :   Shoals:3 (
Snake:3 *   Vaults:1 (   Vaults:2 :   Vaults:3 [[   Depths:1 =:=*   Depths:2 (

Portals:
Hell: Depths:1 Depths:2 Depths:3 Depths:4
Abyss: Depths:2 Depths:3 Depths:4
Pandemonium: Depths:2 Depths:4
Trove: Vaults:2 (give 5 scrolls of fog)

Annotations:
D:5 exclusion: downstairs
D:6 1 runed translucent door, Crazy Yiuf
D:7 exclusion: downstairs
D:10 exclusion: downstairs
D:11 exclusion: downstairs
Lair:4 exclusion: 2 downstairs
Shoals:2 Roxanne
Snake:1 exclusion: downstairs
Snake:3 exclusion: orc apostle
Vaults:1 exclusion: downstairs


Innate Abilities, Weirdness & Mutations

You can walk on water.
Your facial features are unmistakably orcish.
You have a pair of large antennae on your head. (SInv)
You are extremely robust. (+30% HP)
You are completely covered in sharp spines.
When hurt, damage is shared between your health and your magic reserves.
You regenerate magic rapidly.
When low on magic, you restore magic in place of health.
You have an absolutely massive brain. (Int +6, Wiz)
You are partially covered in large bone plates. (SH +4)
Armour fits poorly on your strangely shaped body.
Your system is resistant to poisons. (rPois)
You occasionally shout uncontrollably at your foes.


Message History

The electricity discharges through Qyatteq!!!!!
Qyatteq vaporises in an electric haze!
You kill Qyatteq!
Beogh accepts your kill.
Casting: Maxwell's Capacitive Coupling (mildly dangerous; 1% risk of failure)
Confirm with . or Enter, or press ? or * to list all spells.
You feel a strong surge of power!
You begin accumulating electric charge. (Press . to continue charging.) Magical energy flows into your mind!
You feel charge building up...
Casting: Maxwell's Capacitive Coupling (mildly dangerous; 1% risk of failure)
Confirm with . or Enter, or press ? or * to list all spells.
Casting: Plasma Beam (mildly dangerous; 1% risk of failure)
Press: ? - help, Dir - look around, f - activate You feel a huge surge of power!
The bolt of lightning hits the small abomination!!!
You destroy the small abomination!
Beogh accepts your kill. Magical energy flows into your mind!
The insufficient charge dissipates harmlessly.
Magic restored.
You sense a monster nearby.
An Orb Guardian comes into view.
Casting: Plasma Beam (mildly dangerous; 1% risk of failure)
Confirm with . or Enter, or press ? or * to list all spells.
Casting: Plasma Beam (mildly dangerous; 1% risk of failure)
Press: ? - help, Dir - look around, f - activate You feel a huge surge of power!
The bolt of lightning hits the Orb Guardian!!!!
You kill the Orb Guardian!
Beogh accepts your kill.
Casting: Plasma Beam (mildly dangerous; 1% risk of failure)
Confirm with . or Enter, or press ? or * to list all spells.
Casting: Plasma Beam (mildly dangerous; 1% risk of failure)
Press: ? - help, Dir - look around, f - activate You feel a huge surge of power!
Nothing appears to happen.
Okay, then.
There is a large open door here.
There is an open door here.
There is a staircase leading out of the dungeon here.
You have escaped!

.#### #÷+..+÷# #..# #.#
.############..### #.##
#.# ..........#ß....ß# #.#
#.# .############..### #.#
#.# .# #÷+..+÷# #.# #.# .#
###..### #.# #.# .#
#ß....ß# #.# #.# .#
###..### #.# #.# .#
#÷'..'@# #.# #.# ##
###..#####.####.# #
##ß..ß###....##.### #
##''## #...^.....#### #
#..####....##....>.##
#...≈≈~.#.##.........
##~~~~≈~≈~.#......####
########~≈≈≈≈≈≈≈~≈..#...##
#.......≈≈≈≈≈≈≈≈≈~~...#.#


There were no monsters in sight!

Vanquished Creatures
  Cerebov (Pan)
  Dissolution (Slime:5)
  the Royal Jelly (Slime:5)
  Mnoleg (Pan)
  Gloorx Vloq (Pan)
  Lom Lobon (Pan)
  2 seraphim
  Frederick (Vaults:5)
  Dispater (Dis:7)
  2 ancient liches
  7 dread liches
  Mennas (Pan)
  3 orbs of fire
  5 juggernauts
  10 pandemonium lords
  A royal mummy (Tomb:1)
  The ghost of Cein the Devastator, a veteran DgCj (Depths:2)
  Boris (twice) (Crypt:3 Zot:3)
  6 Killer Klowns
  2 curse toes
  12 caustic shrikes
  Margery (Vaults:4)
  5 golden dragons
  Geryon (Hell)
  A pearl dragon (Pan)
  A profane servitor (Zig:6)
  A bone dragon (Abyss:4)
  5 Tzitzimimeh
  3 Brimstone Fiends
  An electric golem (Zot:3)
  A shard shrike zombie (Abyss:2)
  13 iron giants
  2 hellephants
  3 Ice Fiends
  13 tentacled monstrosities
  8 liches
  23 Orb Guardians
  20 Hell Sentinels
  4 deep elf master archers
  3 quicksilver dragons
  Murray (Hell)
  22 ancient champions
  3 tentacled starspawn
  12 titans
  18 sphinxes
  17 acid blobs
  10 Executioners
  2 death cobs (Zot:5)
  An eldritch tentacle (Pan)
  Donald (Elf:2)
  14 storm dragons
  7 shadow dragons
  9 tengu reavers
  Aizul (Snake:1)
  The ghost of Vegox the Dancer, an adept MiHs of Uskayaw (Depths:1)
  6 daevas (Pan)
  A fenstrider witch (Pan)
  9 draconian monks
  14 azure jellies
  4 revenants
  Ilsuiw (Shoals:2)
  A fire giant (shapeshifter) (Zig:16)
  5 protean progenitors
  6 fire giants
  4 draconian knights
  11 rockslimes
  An azure jelly (shapeshifter) (Zig:16)
  5 nagarajas
  3 demonspawn warmongers (Pan)
  A juggernaut zombie (Crypt:2)
  11 quicksilver elementals
  5 draconian scorchers
  3 ghost moths
  5 deep elf sorcerers
  9 balrugs
  A spectral caustic shrike (Crypt:3)
  14 vault wardens
  3 draconian shifters
  11 iron dragons
  A curse skull (Crypt:2)
  3 orc warlords
  A spectral juggernaut (Crypt:3)
  2 deep elf elementalists (Elf:3)
  A caustic shrike zombie (Crypt:1)
  14 frost giants
  A ghoul (Crypt:1)
  9 cacodemons
  8 demonspawn corrupters
  A spriggan defender (Depths:2)
  3 draconian stormcallers
  11 angels
  14 reapers
  8 formless jellyfish
  9 ironbound preservers
  22 very ugly things
  29 stone giants
  6 demonspawn blood saints (Pan)
  4 draconian annihilators
  A caustic shrike skeleton (Hell)
  11 ophanim (Pan)
  12 vampire knights
  2 juggernaut skeletons (Pan)
  6 ironbound thunderhulks
  Nessos (Lair:5)
  18 quicksilver oozes
  8 deep elf demonologists
  5 black draconians
  2 minotaurs (Shoals:4)
  3 green draconians
  4 purple draconians
  8 deep elf annihilators
  8 white draconians
  3 deep elf death magi (Elf:3)
  A bunyip (Pan)
  10 apis (Pan)
  7 red draconians
  2 bennus (Tomb:1)
  7 demonspawn black suns
  2 spectral titans (Crypt:3)
  Azrael (Elf:2)
  12 dire elephants
  4 starcursed masses (Abyss:4)
  3 lorocyprocas
  5 yellow draconians
  2 spark wasps (Vaults:4)
  17 war gargoyles
  2 halazid warlocks (Desolation)
  16 iron golems
  9 eidola
  4 mummy priests (Tomb:1)
  4 green deaths
  A spectral quicksilver dragon (Crypt:3)
  A crystal guardian (Desolation)
  13 ettins
  3 ragged hierophants (Desolation)
  2 entropy weavers
  7 jiangshi
  18 yaktaur captains
  5 blizzard demons
  6 fire dragons
  A spriggan zombie (Hell)
  7 great orbs of eyes
  4 merfolk impalers
  2 spectral spriggans (Crypt:3)
  2 fenstrider witch zombies
  5 deep elf high priests
  7 servants of whispers (Desolation)
  Josephine (Orc:1)
  The ghost of trashops the Severer, a journeyman MDFi of Okawaru (D:11)
  Harold (Lair:2)
  8 hydras
  6 salamander tyrants
  3 catoblepae (Zig:14)
  9 peacekeepers
  13 rakshasas
  A spriggan air mage (Depths:3)
  2 shambling mangroves (Zig:4)
  5 hell beasts
  8 ice dragons
  3 spriggan skeletons
  10 anacondas
  29 vault guards
  3 ogre magi
  6 death knights
  6 ironbound frosthearts
  3 centaur warriors
  4 two-headed ogres
  A fenstrider witch skeleton (Crypt:1)
  4 boulder beetles
  13 satyrs
  4 merfolk avatars
  13 tengu warriors
  12 hell hogs
  2 merfolk aquamancers
  6 death scarabs (Tomb:1)
  8 deep troll shamans
  A spectral dire elephant (Crypt:3)
  A spectral stone giant (Crypt:3)
  35 dancing weapons
  3 death yaks
  5 deep troll earth magi
  5 occultists
  A spriggan berserker (Depths:2)
  8 vampire magi
  2 thrashing horrors
  20 hell knights
  2 demonic crawlers
  2 spectral storm dragons (Crypt:3)
  16 soul eaters
  11 deep elf knights
  9 naga sharpshooters
  12 shock serpents
  5 crystal echidnas
  9 naga warriors
  2 fire crabs (Vaults:4)
  2 orc high priests
  7 sixfirhies
  9 shadow wraiths
  A spectral anaconda (Crypt:3)
  2 wretched stars
  32 sun demons
  2 skysharks (Zig:14)
  12 iron trolls
  4 salamander mystics
  12 sea snakes
  11 skeletal warriors
  A spectral bunyip (Crypt:3)
  12 deep elf archers
  A pharaoh ant (Zig:8)
  A death drake (Zig:4)
  A ghost moth zombie (Crypt:3)
  3 spriggan druids
  2 spatial maelstroms (Abyss:4)
  7 mana vipers
  3 deep trolls (shapeshifter)
  6 glowing orange brains
  8 arcanists
  10 shadow demons
  34 deep trolls
  An orb spider (Zig:8)
  11 cherubim (Pan)
  7 naga ritualists
  7 sun moths
  104 slime creatures
  A mana viper (shapeshifter) (Vaults:5)
  An orb spider (shapeshifter) (Elf:1)
  19 phantasmal warriors
  9 flayed ghosts
  An anaconda zombie (Hell)
  4 thermic dynamos
  A spectral hydra (Crypt:3)
  16 harpies
  14 ironbound convokers
  10 orc knights
  An alligator zombie (Hell)
  22 deep elf pyromancers
  12 necromancers
  A lindwurm (Lair:5)
  11 orc sorcerers
  4 lightning spires (Vaults:4)
  A shining eye (shapeshifter) (Zig:16)
  3 fauns (shapeshifter)
  A wolf spider (Zig:8)
  15 fauns
  28 ugly things
  18 deep elf zephyrmancers
  10 shining eyes
  12 salamanders
  4 cyclopes
  13 manticores
  2 elephants (shapeshifter)
  A spectral ettin (Crypt:3)
  2 spectral centaurs (Crypt:3)
  5 elephants
  An iron dragon skeleton (Crypt:2)
  5 moths of wrath
  4 meliai
  4 eyes of devastation
  A goliath frog skeleton (Crypt:1)
  A stone giant zombie (Hell)
  An eleionoma skeleton (Crypt:1)
  2 meliai (shapeshifter)
  A manticore (shapeshifter) (Vaults:5)
  A dire elephant zombie (Crypt:1)
  4 rust devils
  17 vault sentinels
  5 merfolk sirens
  5 centaur zombies (D:11)
  23 black mambas
  5 kobold blastminers
  A water nymph (shapeshifter) (Vaults:5)
  9 guardian serpents
  9 molten gargoyles
  An ice statue (Hell)
  A stone giant skeleton (Hell)
  6 water nymphs
  An eye of devastation (shapeshifter) (Vaults:5)
  20 naga magi
  19 smoke demons
  4 apocalypse crabs
  A shock serpent skeleton (Crypt:2)
  2 unseen horrors
  A gargoyle (D:12)
  7 orange demons
  11 cane toads
  A death yak zombie (Crypt:3)
  14 large abominations
  15 hellions
  A naga skeleton (Crypt:1)
  3 torpor snails (Zig:14)
  2 rime drakes
  6 tormentors
  A yaktaur (shapeshifter) (Vaults:5)
  An anaconda simulacrum (Hell)
  31 yaktaurs
  A catoblepas zombie (Tomb:1)
  4 kobold demonologists
  2 orc skeletons
  3 ice devils (Pan)
  21 freezing wraiths
  8 komodo dragons
  A spectral naga (Crypt:3)
  7 guardian mummies (Tomb:1)
  5 tengu conjurers
  2 red devils
  A spectral demonspawn (Crypt:3)
  2 efreet
  An ancient zyme (Abyss:2)
  2 sea snake skeletons (Hell)
  8 trolls
  A harpy zombie (Tomb:1)
  11 merfolk
  6 hornets
  6 hellwings
  2 polar bears
  3 hydra skeletons (Hell)
  6 blink frogs
  5 wind drakes
  2 harpy skeletons
  5 raiju
  A sun moth zombie (Crypt:2)
  A tengu simulacrum (Crypt:1)
  10 glass eyes
  A stone giant simulacrum (Crypt:2)
  2 snapping turtles
  47 saltlings
  A dream sheep (shapeshifter) (Vaults:4)
  A satyr zombie (Crypt:3)
  A dream sheep (D:12)
  A black mamba zombie (Crypt:1)
  An ettin skeleton (Hell)
  5 air elementals
  26 yaks
  6 ynoxinuls (Pan)
  4 vampires (D:11)
  6 spriggans
  13 water elementals
  3 shadows
  4 ushabtiu (Tomb:1)
  17 wraiths
  6 wyverns
  2 humans (D:12)
  A wind drake zombie (Crypt:1)
  13 golden eyes
  5 fire elementals
  6 redbacks
  7 vampire mosquitoes
  4 basilisks
  10 neqoxecs
  2 steam dragons
  8 chaos spawn
  2 sea snake simulacra (Hell)
  4 harpy simulacra
  28 nagas
  3 swamp worms (shapeshifter)
  An acid dragon (D:13)
  A hydra simulacrum (Hell)
  4 spatial vortices (Abyss:4)
  11 water moccasins
  Duvessa (D:5)
  A deep troll skeleton (Crypt:1)
  12 hell hounds
  15 orc warriors
  3 ice beasts
  A sky beast (D:6)
  An ettin simulacrum (Crypt:3)
  4 ogres
  5 black bears
  9 laughing skulls
  A sky beast (shapeshifter) (Zig:16)
  27 wolves
  A torpor snail zombie (Crypt:1)
  9 boggarts
  5 centaurs
  2 swamp dragon skeletons
  A phantom (D:5)
  A weeping skull (Abyss:3)
  A rime drake skeleton (Crypt:3)
  A komodo dragon zombie (Crypt:1)
  14 bullfrogs
  2 gnoll sergeants
  A naga simulacrum (Crypt:3)
  3 scorpions
  A cyclops skeleton (Crypt:1)
  3 earth elementals
  10 wights
  10 small abominations
  Dowan (D:5)
  A warg skeleton (Crypt:3)
  10 killer bees (D:9)
  10 electric eels
  A troll skeleton (Crypt:2)
  4 howler monkeys (D:10)
  2 lava snakes (Vaults:4)
  A hound (D:7)
  A bombardier beetle (D:3)
  2 jellies
  A bullfrog skeleton (Crypt:1)
  4 orc priests
  2 gnoll boudas (D:6)
  A black bear skeleton (Crypt:3)
  An iguana (shapeshifter) (D:13)
  4 sleepcaps
  3 hell rats (Lair:2)
  4 iguanas
  10 orc wizards
  A hound zombie (Crypt:2)
  20 mummies (Tomb:1)
  Robin (D:2)
  22 gnolls
  8 adders
  A steam dragon skeleton (Crypt:2)
  2 white imps
  2 ufetubi (D:6)
  2 dart slugs
  A ribbon worm (D:3)
  26 orcs
  A bat skeleton (Crypt:1)
  12 endoplasms
  2 giant cockroaches
  28 goblins
  16 hobgoblins
  2 jackals (D:3)
  2 quokkas
  5 ball pythons
  A ball python zombie (Crypt:3)
  3 bats
  8 frilled lizards
  4 kobolds
  5 rats
  6 aspiring fleshes
  3 starspawn tentacles
2768 creatures vanquished.

Vanquished Creatures (collateral kills)
  A dread lich (Abyss:2)
  An ancient lich (Zot:5)
  3 pandemonium lords (Pan)
  Vashnia (Snake:4)
  2 Killer Klowns (Zot:5)
  5 caustic shrikes
  4 golden dragons
  A curse toe (Zot:3)
  A profane servitor (Abyss:4)
  2 electric golems (Zot:5)
  6 iron giants
  A Tzitzimitl (Pan)
  A Brimstone Fiend (Pan)
  An Ice Fiend (Pan)
  A hellephant (Vaults:4)
  8 Orb Guardians (Zot:5)
  6 tentacled monstrosities
  2 Hell Sentinels (Pan)
  4 quicksilver dragons
  2 deep elf blademasters
  A sphinx (Shoals:4)
  11 Executioners (Pan)
  Gastronok (D:12)
  An eldritch tentacle (Pan)
  A kraken (Shoals:2)
  2 tentacled starspawn (Abyss:2)
  3 storm dragons
  A shadow dragon (Zot:2)
  An ancient champion (Dis:7)
  2 nagarajas (Snake:4)
  3 deep elf sorcerers
  4 demonspawn warmongers (Pan)
  4 balrugs (Pan)
  An imperial myrmidon (Desolation)
  4 vault wardens (Vaults:2)
  4 draconian shifters
  A quicksilver elemental (Dis:2)
  A draconian knight (Zot:2)
  6 iron dragons
  An orc warlord (Vaults:4)
  5 demonspawn corrupters (Pan)
  4 angels (Pan)
  2 curse skulls (Pan)
  3 cacodemons (Pan)
  4 draconian annihilators
  A draconian stormcaller (Zot:2)
  2 reapers (Pan)
  6 demonspawn blood saints (Pan)
  6 ironbound preservers
  A stone giant (Vaults:2)
  A green draconian (Zot:3)
  2 ironbound thunderhulks (Vaults:2)
  2 very ugly things
  5 deep elf demonologists
  2 formless jellyfish (Vaults:1)
  An apis (Pan)
  3 demonspawn black suns (Pan)
  9 dire elephants
  3 black draconians
  4 deep elf death magi
  2 halazid warlocks (Desolation)
  6 deep elf annihilators
  2 red draconians
  4 lorocyprocas (Pan)
  8 war gargoyles
  4 purple draconians
  3 yellow draconians
  5 iron golems
  A green death (Abyss:2)
  2 crystal guardians
  2 yaktaur captains (Vaults:2)
  6 blizzard demons (Pan)
  An ettin (Hell)
  3 deep elf high priests (Elf:3)
  4 vault guards (Vaults:2)
  2 ragged hierophants (Desolation)
  7 great orbs of eyes
  3 hydras
  A salamander tyrant (Snake:4)
  An ice dragon (Depths:4)
  6 servants of whispers (Desolation)
  9 ironbound frosthearts
  2 jorogumos (Pan)
  4 peacekeepers
  A merfolk avatar (Shoals:2)
  3 death knights
  A centaur warrior (D:15)
  3 hell beasts (Pan)
  2 boulder beetles
  4 anacondas
  17 dancing weapons
  A satyr (Shoals:4)
  4 two-headed ogres
  2 demonic crawlers
  3 thrashing horrors
  11 death yaks
  4 naga sharpshooters
  4 naga warriors
  2 orc high priests
  9 soul eaters (Pan)
  5 shock serpents
  3 wretched stars
  Nergalle (Lair:2)
  3 hell knights (Depths:4)
  16 sun demons (Pan)
  11 deep elf knights
  4 crystal echidnas
  3 iron trolls
  4 spatial maelstroms (Abyss:4)
  5 skeletal warriors
  A salamander mystic (Snake:3)
  6 deep elf archers
  9 mana vipers
  7 sea snakes
  7 sixfirhies
  13 deep trolls
  2 arcanists
  4 lindwurms
  5 shadow demons
  4 flayed ghosts (Pan)
  6 ironbound convokers
  10 deep elf zephyrmancers
  8 orc knights
  2 naga ritualists
  9 starcursed masses
  9 deep elf pyromancers
  2 harpies
  An orc sorcerer (D:15)
  16 ugly things
  A will-o-the-wisp (Vaults:4)
  2 salamanders (Snake:4)
  3 cyclopes
  5 manticores
  2 fauns
  4 worldbinders
  12 elephants
  10 vault sentinels
  14 moths of wrath
  14 large abominations
  A meliai (D:13)
  8 centaur zombies (D:11)
  2 naga magi
  2 gargoyles
  A water nymph (Shoals:4)
  6 rust devils
  5 cane toads
  15 black mambas
  3 guardian serpents
  3 merfolk sirens (Shoals:2)
  5 orange demons (Pan)
  16 smoke demons (Pan)
  13 hellions
  2 yaktaurs (Vaults:1)
  3 efreet (Pan)
  An unseen horror (D:11)
  3 rime drakes
  6 red devils (Pan)
  2 komodo dragons
  A tengu conjurer (D:15)
  2 ice devils (Pan)
  An ancient zyme (Abyss:2)
  2 tormentors
  A wind drake (Shoals:4)
  A hornet (Lair:5)
  3 merfolk
  4 trolls
  A harpy skeleton (Abyss:3)
  5 polar bears
  6 raiju
  8 hellwings
  A blink frog (Abyss:4)
  A glass eye (Pan)
  29 saltlings
  18 slime creatures
  7 dream sheep
  A meliai zombie (D:11)
  2 snapping turtles (Shoals:2)
  2 air elementals
  8 wraiths
  8 spriggans (Lair:5)
  6 water elementals
  3 shadows (D:11)
  5 small abominations (Abyss:2)
  A wyvern (Lair:4)
  2 centaur simulacra (D:15)
  13 ynoxinuls
  4 fire elementals
  6 vampires
  A basilisk (Lair:5)
  35 yaks
  A human (D:12)
  2 golden eyes (Pan)
  4 neqoxecs
  6 vampire mosquitoes
  10 chaos spawn
  9 spatial vortices (Abyss:4)
  20 nagas
  An acid dragon (D:12)
  3 hell hounds (Elf:2)
  7 water moccasins
  3 black bears (Lair:5)
  11 orc warriors
  2 boggarts
  2 ogres (Orc:2)
  An ogre (shapeshifter) (Abyss:4)
  16 wolves
  A centaur (D:13)
  A bullfrog (Lair:3)
  A weeping skull (Abyss:4)
  2 gnoll sergeants (D:11)
  2 earth elementals
  5 killer bees (D:11)
  A jelly (Lair:4)
  2 orc priests
  An orc wizard (Orc:1)
  3 hell rats
  A howler monkey zombie (D:11)
  8 gnolls (D:11)
  A shadow imp (Abyss:4)
  A white imp (Abyss:4)
  An ufetubus (Abyss:4)
  4 orcs
  2 butterflies
  2 fire vortices
  A starspawn tentacle (Abyss:2)
997 creatures vanquished.

Vanquished Creatures (others)
  A pandemonium lord (Zig:16)
  15 orc warlords
  A reaper (Pan)
  An ironbound thunderhulk (Vaults:2)
  A war gargoyle (Dis:7)
  45 orc apostles
  22 orc high priests
  A deep elf knight (Elf:1)
  33 orc knights
  3 orc sorcerers
  A deep elf pyromancer (Elf:1)
  A water nymph (Pan)
  An orange demon (Pan)
  An unseen horror (D:13)
  A hellwing (Depths:4)
  A saltling (Desolation)
  A chaos spawn (Pan)
  10 orc warriors
  10 orc priests
  An orc wizard (Orc:2)
  An ufetubus (Abyss:4)
  22 orcs
  A goblin (Bailey)
  4 fire vortices (Pan)
  6 foxfires (Vaults:4)
  26 spectral weapons
  6 starspawn tentacles
  4 tentacles (Shoals:2)
221 creatures vanquished.

Grand Total: 3986 creatures vanquished

Notes
Turn   | Place    | Note
-------+----------+-------------------------------------------
     0 | D:1      | holysushi the Demonspawn Air Elementalist began the quest
                  | for the Orb.
     0 | D:1      | Reached XP level 1. HP: 13/13 MP: 3/3
     9 | D:1      | Found a faded altar of an unknown god.
   195 | D:1      | Gained mutation: You are partially covered in sharp spines.
                  | [demonic ancestry]
   195 | D:1      | Reached XP level 2. HP: 19/19 MP: 1/5
  1012 | D:2      | Gained mutation: You regenerate magic rapidly. [demonic
                  | ancestry]
  1012 | D:2      | Reached XP level 3. HP: 17/24 MP: 4/6
  1256 | D:2      | Learned a level 2 spell: Static Discharge
  1475 | D:2      | Noticed Robin
  1502 | D:2      | Killed Robin
  1503 | D:2      | Gained mutation: When hurt, damage is shared between your
                  | health and your magic reserves. [demonic ancestry]
  1503 | D:2      | Reached XP level 4. HP: 25/31 MP: 2/7
  1823 | D:3      | Reached skill level 1 in Fighting
  1851 | D:3      | Reached skill level 1 in Short Blades
  2169 | D:2      | Reached XP level 5. HP: 28/37 MP: 1/8
  2270 | D:3      | Found a blossoming altar of Fedhas.
  2612 | D:3      | Found a basalt altar of Yredelemnul.
  2776 | D:4      | Found Ysekeept's Armour Emporium.
  2837 | D:4      | Noticed a steam dragon
  2944 | D:3      | Learned a level 4 spell: Airstrike
  3053 | D:5      | Entered Level 5 of the Dungeon
  3056 | D:5      | Noticed an ogre
  3094 | D:5      | Gained mutation: You have an unusually large brain. (Int
                  | +2) [demonic ancestry]
  3094 | D:5      | Reached XP level 6. HP: 24/44 MP: 3/10
  3432 | D:5      | Noticed Duvessa
  3526 | D:5      | Found a bloodstained altar of Trog.
  3527 | D:5      | Found a sparkling altar of Nemelex Xobeh.
  3534 | D:5      | Reached XP level 7. HP: 50/50 MP: 3/12
  4337 | D:4      | Killed a steam dragon
  4338 | D:4      | Reached skill level 5 in Air Magic
  4517 | D:5      | Noticed Dowan
  5658 | D:5      | Found a sparkling altar of Nemelex Xobeh.
  5663 | D:5      | Found a bloodstained altar of Trog.
  5785 | D:5      | Gained mutation: You are mostly covered in sharp spines.
                  | [demonic ancestry]
  5785 | D:5      | Reached XP level 8. HP: 56/56 MP: 9/15
  5873 | D:6      | Found a runed translucent door.
  5874 | D:6      | Noticed Crazy Yiuf
  6111 | D:6      | Reached skill level 5 in Spellcasting
  7903 | D:7      | Gained mutation: You have an extremely huge brain. (Int +4)
                  | [demonic ancestry]
  7903 | D:7      | Reached XP level 9. HP: 61/61 MP: 11/19
  8163 | D:7      | Found an ornate altar of the Wu Jian Council.
  8787 | D:5      | Killed Duvessa
  8791 | D:5      | Killed Dowan
  8889 | D:5      | Identified a scroll of acquirement
  8889 | D:5      | Acquired a staff of air
  8930 | D:4      | Found a staircase to the Ecumenical Temple.
  9008 | D:4      | Found a snail-covered altar of Cheibriados.
  9254 | Temple   | Entered the Ecumenical Temple
  9585 | D:7      | Found the +10 zealot's sword {holy, Zealotry, *Rage rN+
                  | EV+3}
  9900 | D:8      | Noticed a two-headed ogre
  9905 | D:8      | Killed a two-headed ogre
 10671 | D:8      | Reached XP level 10. HP: 67/67 MP: 13/22
 11208 | D:9      | Found a staircase to the Lair.
 11240 | D:9      | Became a worshipper of Beogh the Shepherd
 11334 | D:9      | Found Mucenu's Weapon Shoppe.
 11382 | D:9      | Found a staircase to the Orcish Mines.
 11386 | D:9      | Found Honamp's Armour Shoppe.
 11430 | D:9      | Found a shimmering blue altar of Sif Muna.
 11805 | D:9      | Found Lyuxubb's Jewellery Shop.
 11832 | D:9      | Learned a level 6 spell: Starburst
 12083 | D:9      | Reached skill level 10 in Spellcasting
 12248 | D:10     | Entered Level 10 of the Dungeon
 12248 | D:10     | Found a flagged portal.
 12297 | Bailey   | Entered a bailey
 12412 | Bailey   | Reached * piety under Beogh
 12660 | Bailey   | Reached skill level 1 in Fire Magic
 12660 | Bailey   | Reached skill level 1 in Invocations
 12721 | Bailey   | Noticed an orc knight
 12742 | Bailey   | Killed an orc knight
 12743 | Bailey   | Reached skill level 1 in Evocations
 12889 | Bailey   | Reached skill level 10 in Air Magic
 12983 | Bailey   | Acquired 940 gold pieces
 13008 | Bailey   | Found the +3 Elemental Staff {ele, rElec rF+ rC+ AC+3}
 13021 | Bailey   | Found an iron altar of Okawaru.
 13021 | Bailey   | Noticed an orc sorcerer
 13026 | Bailey   | Noticed a sixfirhy
 13051 | Bailey   | Noticed a sun demon
 13055 | Bailey   | Gained mutation: You have a pair of small antennae on your
                  | head. [demonic ancestry]
 13055 | Bailey   | Reached XP level 11. HP: 72/72 MP: 0/25
 13208 | Bailey   | Killed an orc sorcerer
 13270 | Bailey   | Got the Compilation of Ignition and the Serac
 13298 | Bailey   | Identified the +4 trident "Kurud" {spect, Will+}
 13402 | Lair:1   | Entered Level 1 of the Lair of Beasts
 13617 | D:10     | Reached skill level 5 in Conjurations
 13703 | D:10     | Reached ** piety under Beogh
 13742 | D:10     | Found a shadowy altar of Dithmenos.
 14395 | D:10     | Found a radiant altar of Vehumet.
 14557 | D:10     | Found a shimmering altar of Xom.
 14683 | D:11     | Noticed a death knight
 14685 | D:11     | Reached skill level 5 in Invocations
 14687 | D:11     | Noticed a death knight
 14773 | D:11     | Reached skill level 5 in Dodging
 15198 | Lair:1   | Reached skill level 1 in Armour
 15399 | Lair:1   | Reached skill level 1 in Staves
 15405 | D:9      | Reached *** piety under Beogh
 15449 | D:9      | Anointed Brunolf the warrior as your apostle
 15657 | Lair:1   | Reached XP level 12. HP: 83/83 MP: 11/27
 15898 | Lair:1   | Noticed a four-headed hydra
 15907 | Lair:1   | Killed a four-headed hydra
 16179 | Lair:2   | Found a staircase to the Shoals.
 16261 | Lair:2   | Noticed an eight-headed hydra
 16264 | Lair:2   | Killed a seven-headed hydra
 16416 | Lair:2   | Found a shimmering altar of Xom.
 16553 | Lair:2   | Noticed Harold
 16558 | Lair:2   | Killed Harold
 16700 | Lair:2   | Noticed Gorbash
 16712 | Lair:2   | Anointed Gorbash the priest as your apostle
 16990 | Lair:2   | Identified the ring "Paewud" {rF++ rC+ rCorr Int-3}
 17228 | Lair:2   | Reached **** piety under Beogh
 17539 | Lair:2   | Noticed Nergalle
 17544 | Lair:2   | Killed Nergalle
 18261 | Lair:3   | Found a staircase to the Snake Pit.
 18948 | Lair:4   | Found a staircase to the Slime Pits.
 19006 | Lair:4   | Noticed a seven-headed hydra
 19011 | Lair:4   | Killed a seven-headed hydra
 19012 | Lair:4   | Gained mutation: You have a pair of antennae on your head.
                  | [demonic ancestry]
 19012 | Lair:4   | Reached XP level 13. HP: 88/88 MP: 12/31
 19728 | Lair:5   | Entered Level 5 of the Lair of Beasts
 20347 | Lair:5   | Your ally Gorbash died
 20527 | Lair:5   | Reached skill level 15 in Spellcasting
 20556 | Lair:5   | Anointed Warrok the warrior as your apostle
 20586 | Lair:4   | Reached ***** piety under Beogh
 21129 | Lair:5   | Reached skill level 5 in Fighting
 21849 | Lair:5   | Noticed Nessos
 21855 | Lair:5   | Killed Nessos
 21856 | Lair:5   | Reached XP level 14. HP: 100/100 MP: 10/33
 22894 | Orc:1    | Entered Level 1 of the Orcish Mines
 22915 | Orc:1    | Noticed Josephine
 22919 | Orc:1    | Killed Josephine
 23232 | Orc:2    | Entered Level 2 of the Orcish Mines
 23664 | Orc:2    | Found a staircase to the Elven Halls.
 24506 | Orc:2    | Found Jimakh's Magic Scroll Boutique.
 24508 | Orc:2    | Found a roughly hewn altar of Beogh.
 24517 | Orc:2    | Found Zuele's General Store.
 24803 | Orc:2    | Found Jagabrea's Book Shoppe.
 24809 | Orc:2    | Bought a book of Annihilations for 780 gold pieces
 24821 | Orc:2    | Learned a level 9 spell: Chain Lightning
 24912 | Orc:2    | Found Deizir's Antique Armour Shop.
 24958 | Orc:2    | Bought a runed robe for 114 gold pieces
 25205 | Orc:2    | Found a roughly hewn altar of Beogh.
 25341 | D:9      | Bought a +6 ring of intelligence for 540 gold pieces
 25461 | D:11     | Reached ****** piety under Beogh
 25515 | D:11     | Reached skill level 10 in Invocations
 25852 | D:11     | Reached XP level 15. HP: 64/105 MP: 9/35
 26339 | D:11     | Your ally Gorbash died
 27219 | D:11     | Found a transporter.
 27225 | D:11     | Noticed trashops's ghost (journeyman MDFi)
 27227 | D:11     | Found a transporter.
 27250 | D:11     | Found a bloodstained altar of Trog.
 27560 | D:11     | Found a transporter.
 27571 | D:11     | Found a transporter.
 27575 | D:11     | Found a bloodstained altar of Trog.
 27759 | D:11     | Identified the +4 mace of the Apocalypse {venom, ^Drain rF+
                  | Dex+3}
 27771 | D:11     | Anointed Boruk the priest as your apostle
 27963 | D:12     | Noticed Gastronok
 27999 | D:12     | Killed Gastronok
 28000 | D:12     | Reached skill level 10 in Dodging
 28208 | D:12     | Reached skill level 10 in Conjurations
 28213 | D:12     | Your ally Warrok died
 28707 | D:11     | Identified the ring of Lifyladgh {rElec rC+ Will- Int+3}
 28753 | D:11     | Acquired the amulet of the Baku {Reflect rElec Str-3 Int+6
                  | SH+5}
 29143 | D:13     | Found a gate to the Vaults.
 30190 | Snake:1  | Entered Level 1 of the Snake Pit
 30214 | Snake:1  | Identified the serpent talisman of Aboyci Xeera {Int+5
                  | Stlth+}
 30214 | Snake:1  | Noticed Aizul
 30228 | Snake:1  | Reached skill level 1 in Shields
 31176 | Snake:1  | Your ally Brunolf died
 31177 | Snake:1  | Your ally Boruk died
 32280 | Snake:2  | Noticed a nagaraja
 32742 | Snake:2  | Gained mutation: You have an absolutely massive brain. (Int
                  | +6, Wiz) [demonic ancestry]
 32742 | Snake:2  | Reached XP level 16. HP: 111/111 MP: 28/36
 35013 | Snake:3  | Found Faifaet's General Store.
 35066 | Snake:3  | Identified the +9 mace of Ahelaqu {holy, rF+ Will- Dex+3}
 35077 | Snake:3  | Your ally Warrok died
 35085 | Snake:3  | Your ally Brunolf died
 35103 | Snake:3  | Anointed Pellinorc the priest as your apostle
 35264 | Snake:3  | Bought a wand of iceblast (4) for 163 gold pieces
 35264 | Snake:3  | Bought a scroll of blinking for 127 gold pieces
 35360 | Snake:3  | Reached skill level 5 in Shields
 35617 | Snake:4  | Entered Level 4 of the Snake Pit
 36138 | Snake:3  | Found Faifaet's General Store.
 36984 | Snake:4  | Found an opulent altar of Gozag.
 37725 | Snake:4  | Your ally Brunolf died
 37817 | Snake:4  | Noticed Vashnia
 38979 | Snake:4  | Your ally Brunolf died
 38988 | Snake:4  | Killed Vashnia
 38989 | Snake:4  | Gained mutation: When low on magic, you restore magic in
                  | place of health. [demonic ancestry]
 38989 | Snake:4  | Reached XP level 17. HP: 94/117 MP: 11/37
 39288 | Snake:4  | Reached skill level 5 in Evocations
 40567 | Snake:4  | Your ally Pellinorc died
 40567 | Snake:4  | Your ally Boruk died
 42718 | Snake:4  | Got a serpentine rune of Zot
 43313 | Snake:4  | Found an opulent altar of Gozag.
 43620 | Snake:1  | Killed Aizul
 45618 | D:13     | Identified the +10 dagger of Righteous Fury {freeze, Will+
                  | Str-2 Dex+5}
 45618 | D:13     | Identified the +0 robe "Ongeukas" {rPois Str+2}
 45624 | D:13     | Anointed Borgoth the wizard as your apostle
 45777 | D:13     | Your ally Borgoth died
 46131 | D:13     | Upgraded the game from 0.32-a0-981-g384da2ce10 to
                  | 0.32-a0-986-ga09f62fbf4
 46409 | Orc:2    | Bought Great Wizards, Vol. II for 494 gold pieces
 46409 | Orc:2    | Bought a manual of Dodging for 1040 gold pieces
 46418 | Orc:2    | Learned a level 5 spell: Borgnjor's Vile Clutch
 46442 | Orc:2    | Bought a scroll of enchant armour for 97 gold pieces
 46604 | Shoals:1 | Entered Level 1 of the Shoals
 48303 | Shoals:2 | Noticed Ilsuiw
 48315 | Shoals:2 | Killed Ilsuiw
 48383 | Shoals:2 | Noticed Roxanne
 48435 | Shoals:2 | Learned a level 1 spell: Apportation
 48606 | Shoals:2 | Noticed a kraken
 48612 | Shoals:2 | Killed a kraken
 49429 | Shoals:3 | Found Ycacis's Weapon Shop.
 49764 | Shoals:4 | Entered Level 4 of the Shoals
 49792 | Shoals:4 | Gained mutation: You are robust. (+10% HP) [demonic
                  | ancestry]
 49792 | Shoals:4 | Reached XP level 18. HP: 126/145 MP: 22/38
 49858 | Shoals:4 | Got the Excursus on Forceful Ceraunoscopy
 50675 | Shoals:4 | Your ally Borgoth died
 50760 | Shoals:4 | Identified the +8 short sword of Wyrd {vamp, rPois Will+}
 50837 | Shoals:4 | Got a barnacled rune of Zot
 50843 | Shoals:4 | Reached skill level 10 in Fighting
 51093 | Shoals:4 | Your ally Boruk died
 52547 | D:13     | Found a gate to the Vaults.
 53549 | D:14     | Found Kept's Weapon Emporium.
 54113 | D:15     | Entered Level 15 of the Dungeon
 54229 | D:15     | Found a flickering gateway to a bazaar.
 54253 | D:15     | Your ally Borgoth died
 54275 | D:15     | Anointed Boderik the wizard as your apostle
 54322 | D:15     | Found the +8 orange crystal plate armour {Archmagi, Int+3
                  | Clar}
 54384 | Bazaar   | Entered a bazaar
 54384 | Bazaar   | Found Kapeah's Distillery.
 54384 | Bazaar   | Found Pomekiki's Antique Armour Shoppe.
 54384 | Bazaar   | Found Miuclik's Antique Weapon Emporium.
 54386 | Bazaar   | Found Vijuzogu's General Store.
 54388 | Bazaar   | Bought a potion of invisibility for 56 gold pieces
 54388 | Bazaar   | Bought a potion of haste for 70 gold pieces
 54388 | Bazaar   | Bought a potion of invisibility for 56 gold pieces
 54402 | Bazaar   | Bought a potion of magic for 120 gold pieces
 54402 | Bazaar   | Bought a scroll of revelation for 112 gold pieces
 54491 | D:15     | Found a staircase to the Depths.
 54546 | D:15     | Found a sacrificial altar of Ru.
 54856 | Elf:1    | Entered Level 1 of the Elven Halls
 55195 | Elf:1    | Paralysed by an air elemental for 1 turns
 56317 | Elf:1    | Reached skill level 15 in Conjurations
 56401 | Elf:1    | Gained mutation: You have a pair of large antennae on your
                  | head. (SInv) [demonic ancestry]
 56401 | Elf:1    | Reached XP level 19. HP: 154/154 MP: 29/41
 56616 | Elf:1    | Reached skill level 15 in Air Magic
 56913 | Elf:1    | Found Toxzuyx's Weapon Emporium.
 57599 | Elf:1    | Identified the +7 chain mail of Peatt {^Contam rPois rF+
                  | rN+}
 57768 | Elf:2    | Noticed Azrael
 57773 | Elf:2    | Killed Azrael
 59431 | Elf:2    | Noticed Donald
 59438 | Elf:2    | Killed Donald
 59560 | Elf:2    | Found a runed translucent gate.
 59560 | Elf:2    | Found a runed translucent gate.
 59560 | Elf:2    | Found a runed translucent gate.
 59862 | Elf:2    | Identified the +10 great mace "Concordance" {spect, Str+4}
 59869 | Elf:2    | Your ally Boderik died
 59873 | Elf:2    | Your ally Pellinorc died
 59880 | Elf:2    | Your ally Boruk died
 59883 | Elf:2    | Anointed Margrim the warrior as your apostle
 61573 | Elf:3    | Entered Level 3 of the Elven Halls
 61898 | Elf:3    | Found Oclots's Tremendous Tomes.
 62964 | Elf:3    | Reached XP level 20. HP: 161/161 MP: 31/42
 63237 | Elf:3    | Identified the +8 lajatang "Lashra Quil" {freeze, rC+ Will+
                  | rCorr MP+9}
 63237 | Elf:3    | Identified the ring of Mistrust {^Drain rElec rPois Int+3
                  | SInv}
 63318 | Elf:3    | Identified the staff of Ravage {rPois rCorr Int+5 Earth}
 63327 | Elf:3    | Identified the +1 orcbow of Poverty {flame, rC+ Int+2
                  | Dex-5}
 63332 | Elf:3    | Got the Codex of Solid Flames
 63727 | Vaults:1 | Entered Level 1 of the Vaults
 63744 | Vaults:1 | Reached skill level 15 in Dodging
 63905 | Vaults:1 | Found a crumbling gateway.
 63922 | Desolati | Entered the Desolation of Salt
 64145 | Desolati | Your ally Margrim died
 64151 | Desolati | Your ally Boderik died
 64152 | Desolati | Identified the ring of Paranoia {rF+ rC+ Will+ Stlth+}
 64155 | Desolati | Your ally Pellinorc died
 65485 | Desolati | Identified the ring of Dupun {rElec rF- Int+6 Dex+5 Slay+5}
 65554 | Desolati | Identified the +5 falchion of Nyphaur {chaos, Fly rF++
                  | rC+++ Int-5}
 65665 | Desolati | Identified the ring of Tomorrow {rCorr Str+6}
 65805 | Desolati | Reached skill level 5 in Stealth
 66075 | Desolati | Identified the ring of Vydoseecao {Will+++ MP+9 Str+2
                  | Int-4}
 66362 | Desolati | Identified the ring "Zinudd" {Ice Will+ Str+3 Slay-5
                  | Stlth+}
 66365 | Desolati | Identified the +4 chain mail of Gallantry {Int+3}
 66366 | Desolati | Identified the +10 falchion of Roetuuhi {freeze, rElec rF-
                  | SInv}
 66369 | Desolati | Identified the amulet of Efostr Caeps {Spirit rC+ rN+}
 66600 | Desolati | Got the Volume of the Wary Artists
 66603 | Desolati | Got the Disquisition on Foggy Hurting
 66830 | Vaults:1 | Anointed Wardok the priest as your apostle
 67248 | Vaults:1 | Your ally Pellinorc died
 67316 | Vaults:1 | Found Buuvvuimp's Weapon Shoppe.
 67357 | Vaults:1 | Got Golubria's Atlas of Direction
 67645 | Vaults:1 | Your ally Wardok died
 67655 | Vaults:1 | Gained mutation: You are completely covered in sharp
                  | spines. [demonic ancestry]
 67655 | Vaults:1 | Reached XP level 21. HP: 149/168 MP: 4/44
 68037 | Vaults:2 | Found a portal to a secret trove of treasure.
 68636 | Orc:2    | Bought a manual of Staves for 1040 gold pieces
 69626 | Vaults:2 | Found Ximerghe's Book Boutique.
 69669 | Vaults:2 | Identified the +0 dagger of Diciogei {protect, Int+3}
 69675 | Vaults:2 | Your ally Pellinorc died
 69684 | Vaults:2 | Your ally Wardok died
 69689 | Vaults:2 | Anointed Warrok the wizard as your apostle
 70743 | Vaults:2 | Your ally Margrim died
 71110 | Vaults:2 | Reached skill level 5 in Staves
 72707 | Vaults:3 | Found Ucsiu's Antique Armour Emporium.
 72715 | Vaults:3 | Bought a pair of runed gloves for 172 gold pieces
 72715 | Vaults:3 | Bought the +0 cloak of the Thief {Quiet Slay-3 SInv Stlth+}
                  | for 135 gold pieces
 72715 | Vaults:3 | Found the +0 cloak of the Thief {Quiet Slay-3 SInv Stlth+}
 72751 | Vaults:3 | Found a staircase to the Crypt.
 73207 | Vaults:3 | Found Plog's Armour Emporium.
 74180 | Vaults:4 | Reached XP level 22. HP: 164/174 MP: 27/45
 75255 | Vaults:4 | Got Sif Muna's Notes on the Sixfirhy
 75266 | Vaults:4 | Learned a level 7 spell: Magnavolt
 75657 | Vaults:4 | Identified the +2 great sword "Faycvel" {distort, rElec}
 75670 | Vaults:4 | Anointed Blodwig the warrior as your apostle
 75956 | Vaults:4 | Noticed Margery
 75960 | Vaults:4 | Killed Margery
 76827 | Vaults:5 | Entered Level 5 of the Vaults
 77336 | Vaults:5 | Noticed a golden dragon
 77339 | Vaults:5 | Killed a golden dragon
 77340 | Vaults:5 | Identified the orb of Erergh {*channel, Harm rN+ Slay-2
                  | Tloc}
 77340 | Vaults:5 | Noticed Frederick
 77345 | Vaults:5 | Killed Frederick
 77345 | Vaults:5 | Noticed an ancient lich
 77418 | Vaults:5 | Killed an ancient lich
 77496 | Vaults:5 | Gained mutation: You are very robust. (+20% HP) [demonic
                  | ancestry]
 77496 | Vaults:5 | Reached XP level 23. HP: 149/198 MP: 16/46
 78518 | Vaults:5 | Identified the +12 ice dragon scales of a volcano {+Inv Fly
                  | rF- rC++ Will-}
 78635 | Vaults:5 | Identified the ring "Sauceus" {Will- rCorr Str+4}
 79004 | Vaults:5 | Noticed a dread lich
 79009 | Vaults:5 | Killed a dread lich
 79547 | Vaults:5 | Identified the amulet of Ruofief {RegenMP+ Slay+3}
 79687 | Vaults:5 | Got a silver rune of Zot
 79688 | Vaults:5 | Identified the staff of the Toadstool {rElec rF+ rCorr
                  | Fire}
 79690 | Vaults:5 | Got the Tractate on Citrinitas and Glaciation
 79712 | Vaults:5 | Identified the staff of the Fulmar {Will++ Str-5 Int+2
                  | Dex+2 Earth}
 79713 | Vaults:5 | Identified the +0 ring mail "Aky Onuatzin" {rF+}
 79718 | Vaults:5 | Acquired 1104 gold pieces
 79988 | Vaults:5 | Identified the +1 leather armour of Indecent Exposure
                  | {Slay+2 SInv}
 79996 | Vaults:5 | Identified the +2 cloak "Caomoecs" {rElec rN+ Will+ Int+3}
 80366 | Vaults:5 | Identified the +12 falchion of the Desolation of Salt
                  | {venom, rElec Int+2}
 80563 | Vaults:5 | Identified the +0 scale mail of the Chupacabra {MP+9 Str+4
                  | SInv}
 80671 | Vaults:3 | Identified the +1 dagger "Awib Reji" {venom, +Blink Int+8
                  | Dex-4 Stlth+}
 80671 | Vaults:3 | Identified the +0 robe of Bursted Lucidity {Rampage Str-3
                  | Int-5 Dex+7}
 80677 | Vaults:3 | Anointed Olfrun the wizard as your apostle
 80806 | Vaults:3 | Bought the crystal ball of Wucad Mu {*channel} for 1300
                  | gold pieces
 80806 | Vaults:3 | Found the crystal ball of Wucad Mu {*channel}
 80933 | Crypt:1  | Entered Level 1 of the Crypt
 81526 | Crypt:1  | Noticed Saint Roka
 81529 | Crypt:1  | Pacified Saint Roka
 81922 | Crypt:1  | Learned a level 6 spell: Plasma Beam
 84002 | Crypt:3  | Entered Level 3 of the Crypt
 84014 | Crypt:3  | Found a staircase to the Tomb.
 84153 | Crypt:3  | Identified the +4 robe of the Bouncing Nights {rN++ Regen+}
 84153 | Crypt:3  | Noticed Boris
 84185 | Crypt:3  | Killed Boris
 84532 | Crypt:3  | Reached skill level 10 in Staves
 84532 | Crypt:3  | Gained mutation: You are extremely robust. (+30% HP)
                  | [demonic ancestry]
 84532 | Crypt:3  | Reached XP level 24. HP: 193/223 MP: 41/47
 84825 | Crypt:3  | Anointed Borgoth the priest as your apostle
 84965 | Crypt:3  | Identified the +1 quarterstaff "Econoal" {elec, rElec}
 85517 | Crypt:3  | Identified the +1 robe of Lupun {rN+}
 85521 | Crypt:3  | Got the Directory of Caskets
 85536 | Crypt:3  | Identified the +7 chain mail of Zaefue {rElec Str+2 Dex+4
                  | Stlth+}
 86268 | Tomb:1   | Entered Level 1 of the Tomb of the Ancients
 86904 | Tomb:1   | Noticed a royal mummy
 86909 | Tomb:1   | Killed a royal mummy
 87773 | D:11     | Killed trashops's ghost
 88745 | Slime:1  | Entered Level 1 of the Pits of Slime
 89202 | Slime:5  | Entered Level 5 of the Pits of Slime
 89254 | Slime:5  | Noticed Dissolution
 89257 | Slime:5  | Killed Dissolution
 89305 | Slime:4  | Anointed Morbeogh the warrior as your apostle
 89313 | Slime:4  | Gained mutation: Your body sometimes deteriorates upon
                  | taking damage. [mutagenic glow]
 89436 | Slime:5  | Noticed the Royal Jelly
 89542 | Slime:5  | Killed the Royal Jelly
 89544 | Slime:5  | Reached XP level 25. HP: 194/230 MP: 21/48
 89552 | Slime:5  | Identified the +4 chain mail "Uscha" {Int+2}
 89572 | Slime:5  | Got a slimy rune of Zot
 89688 | Slime:5  | Found the amulet of the Air {Inacc Air Fly rElec RMsl}
 89772 | Slime:5  | Identified the +11 sling of Propriety {flame, rF- Int+3
                  | Dex+2 SInv}
 89783 | Slime:5  | Identified the +3 buckler of Pragmatism {Harm rF- rCorr
                  | Str+3}
 89905 | Slime:5  | Identified the +4 dagger "Myasin" {freeze, Will++ Str-2}
 89907 | Slime:5  | Got Siuthro's Collected Works on Necrotic Virulence
 90541 | Depths:1 | Entered Level 1 of the Depths
 90587 | Depths:1 | Reached skill level 10 in Stealth
 90780 | Depths:1 | Found a gateway to Hell.
 90834 | Depths:1 | Found Ontadeen's Neck Hole.
 90976 | Depths:1 | Found a runed translucent gate.
 90976 | Depths:1 | Found a runed translucent gate.
 90977 | Depths:1 | Found a runed translucent gate.
 90978 | Depths:1 | Noticed Vegox's ghost (adept MiHs)
 91047 | Depths:1 | Killed Vegox's ghost
 91122 | Depths:1 | Identified the +2 cloak "Leet" {-Tele rElec rF- Will+++}
 91123 | Depths:1 | Identified the +1 cloak of Anwas {rPois rF+ Will- Regen+}
 91304 | Depths:1 | Found Yqiaqeuh's Jewellery Shoppe.
 91305 | Depths:1 | Found Suar's Book Shop.
 91306 | Depths:1 | Found Suohebia's Jewellery Shoppe.
 91499 | Depths:2 | Found Riliyll's Self-Improvement Boutique.
 91655 | Depths:2 | Found Mumankue's Weapon Boutique.
 91759 | Depths:2 | Found a one-way gate to the infinite horrors of the Abyss.
 91761 | Depths:2 | Reached skill level 15 in Invocations
 91892 | Depths:2 | Identified the +0 robe of the Thistle {rC+}
 92314 | Depths:2 | Found a runed translucent door.
 92314 | Depths:2 | Noticed Cein's ghost (veteran DgCj)
 92718 | Depths:2 | Found a one-way gate leading to the halls of Pandemonium.
 92884 | Depths:2 | Killed Cein's ghost
 93498 | Depths:3 | You are sucked into a shaft and drop 1 floor!
 93498 | Depths:4 | Entered Level 4 of the Depths
 93702 | Depths:3 | Found a shimmering blue altar of Sif Muna.
 93993 | Depths:3 | Found a shimmering blue altar of Sif Muna.
 93994 | Depths:3 | Identified the amulet of Vojoet Orerch {rElec rC+ RegenMP+}
 93997 | Depths:3 | Reached XP level 26. HP: 229/239 MP: 43/48
 94074 | Depths:3 | Learned a level 8 spell: Maxwell's Capacitive Coupling
 94738 | Depths:4 | Identified the +1 robe of the Wereyak {rElec rF+++ Will-
                  | Dex-4}
 94753 | Depths:4 | Anointed Borgk the wizard as your apostle
 95184 | Depths:4 | Found a gate to the Realm of Zot.
 95630 | Depths:4 | Found a one-way gateway to a ziggurat.
 95804 | Zig:1    | Entered Level 1 of a ziggurat
 95822 | Zig:2    | Entered Level 2 of a ziggurat
 95900 | Zig:3    | Entered Level 3 of a ziggurat
 95903 | Zig:3    | Noticed a juggernaut
 95906 | Zig:3    | Killed a juggernaut
 95920 | Zig:4    | Entered Level 4 of a ziggurat
 95939 | Zig:5    | Entered Level 5 of a ziggurat
 95994 | Zig:6    | Entered Level 6 of a ziggurat
 96183 | Zig:7    | Entered Level 7 of a ziggurat
 96222 | Zig:8    | Entered Level 8 of a ziggurat
 96360 | Zig:9    | Entered Level 9 of a ziggurat
 96437 | Zig:10   | Entered Level 10 of a ziggurat
 96553 | Zig:10   | Identified the -2 pair of boots "Gampyiv" {Rampage Stlth+}
 96559 | Zig:10   | Identified the ring "Kun Osug" {rN+ Str+7 Int+3 Dex-4}
 96566 | Zig:10   | Identified the staff "Zeibowabb" {rPois rF- rC+ rN+ Str+3
                  | Alchemy}
 96568 | Zig:10   | Identified the staff of Kismet {rN+ rCorr Str+3 Dex+2
                  | Necro}
 96595 | Zig:11   | Entered Level 11 of a ziggurat
 96624 | Zig:11   | Identified the +2 cloak "Okas" {^Drain rF+++ Str-3 SInv}
 96666 | Zig:12   | Entered Level 12 of a ziggurat
 96676 | Zig:12   | Noticed Riptei the pandemonium lord
 96679 | Zig:12   | Killed Riptei the pandemonium lord
 96798 | Zig:12   | Identified the +3 leather armour of Olywut {rPois Regen+
                  | Dex+4}
 96799 | Zig:12   | Identified the ring "Rumal" {rF+ Str+3}
 96806 | Zig:12   | Identified the +3 flail "Kyucij" {pain, *Rage Str+8}
 96807 | Zig:12   | Identified the +10 scale mail "Koinn" {rElec rF+ Regen+
                  | Str+2}
 96812 | Zig:12   | Identified the ring of Finality {MP+9 Int+4 SInv}
 96834 | Zig:13   | Entered Level 13 of a ziggurat
 96849 | Zig:13   | Gained mutation: You are clumsy. (Dex -2) [a shining eye]
 96855 | Zig:13   | Found the amulet of Elemental Vulnerability {rPois rF--
                  | rC-- AC+8}
 96898 | Zig:13   | Identified the +3 sling of Lyasm {flame, rPois Str+2}
 96928 | Zig:14   | Entered Level 14 of a ziggurat
 96946 | Zig:14   | Reached XP level 27. HP: 219/247 MP: 46/49
 96953 | Zig:14   | Identified the ring of Winter {Wiz Fly}
 96977 | Zig:14   | Identified the ring of Leogg {rF++ rN+ AC+4 Stlth+}
 96989 | Zig:14   | Identified the +1 leather armour of the Dungeon {+Blink rF+
                  | rC+ Str-3}
 97027 | Zig:15   | Entered Level 15 of a ziggurat
 97239 | Zig:15   | Identified the +2 halberd "Wimuh" {heavy, rPois Str+5 Dex-2
                  | SInv}
 97242 | Zig:15   | Identified the ring of the Establishment {rPois Str+6 Dex-5
                  | SInv Stlth+}
 97251 | Zig:15   | Identified the ring "Irphimuti" {rF+ rCorr}
 97280 | Zig:15   | Acquired 1299 gold pieces
 97284 | Zig:15   | Acquired 800 gold pieces
 97290 | Zig:16   | Entered Level 16 of a ziggurat
 97308 | Zig:16   | Noticed Doapryps the pandemonium lord
 97308 | Zig:16   | Found the +3 pair of seven-league boots {Rampage+∞}
 97308 | Zig:16   | Noticed Dukkob the pandemonium lord
 97309 | Zig:16   | Noticed Ruawnapn the pandemonium lord
 97309 | Zig:16   | Noticed Saymout the pandemonium lord
 97311 | Zig:16   | Noticed Filaistrifus the pandemonium lord
 97311 | Zig:16   | Found the +0 pair of gloves of the gadgeteer {Gadgeteer
                  | Wandboost ^Fragile}
 97316 | Zig:16   | Killed Dukkob the pandemonium lord
 97316 | Zig:16   | Killed Saymout the pandemonium lord
 97319 | Zig:16   | Killed Ruawnapn the pandemonium lord
 97320 | Zig:16   | Killed Doapryps the pandemonium lord
 97323 | Zig:16   | Killed Filaistrifus the pandemonium lord
 97475 | Zig:16   | Identified the staff "Qoasys" {rN+ rCorr Str+2 Int-4 Stlth+
                  | Necro}
 97476 | Zig:16   | Identified the ring "Alogi" {AC+4 Str+4}
 97489 | Zig:16   | Identified the +9 morningstar of Bodily Harmony {freeze,
                  | *Noise Fly rPois Str+2}
 97563 | Depths:4 | Anointed Okrist the priest as your apostle
 97587 | Hell     | Entered the Vestibule of Hell
 97587 | Hell     | Noticed Geryon
 97599 | Hell     | Killed Geryon
 97731 | Hell     | Noticed Murray
 97863 | Hell     | Killed Murray
 97902 | Depths:4 | Anointed Oruk the warrior as your apostle
 97971 | Hell     | Reached skill level 10 in Evocations
 98151 | Hell     | Found a gateway to the Iron City of Dis.
 98317 | Hell     | Found a gateway to the decaying netherworld of Tartarus.
 98370 | Hell     | Found a gateway to the ashen valley of Gehenna.
 98492 | Hell     | Found a gateway to the freezing wastes of Cocytus.
 98621 | Dis:1    | Entered Level 1 of the Iron City of Dis
 98942 | Dis:2    | Your ally Margrim died
 99297 | Dis:3    | Noticed a juggernaut
 99301 | Dis:3    | Killed a juggernaut
 99390 | Dis:4    | Reached skill level 15 in Evocations
 99393 | Dis:4    | Your ally Morbeogh died
 99398 | Dis:4    | Your ally Margrim died
 99411 | Dis:4    | Your ally Oruk died
100275 | Dis:5    | You are sucked into a shaft and drop 1 floor!
100312 | Dis:7    | Entered Level 7 of the Iron City of Dis
100691 | Dis:7    | Your ally Morbeogh died
100698 | Dis:7    | Your ally Margrim died
100715 | Dis:7    | Noticed a dread lich
100723 | Dis:7    | Killed a dread lich
100794 | Dis:7    | Noticed a juggernaut
100812 | Dis:7    | Killed a juggernaut
100822 | Dis:7    | HP: 11/247 [iron giant/iron shot (33)]
100826 | Dis:7    | Your ally Oruk died
101544 | Dis:7    | Noticed a juggernaut
101546 | Dis:7    | Killed a juggernaut
102278 | Dis:7    | Noticed a juggernaut
102283 | Dis:7    | Killed a juggernaut
102359 | Dis:7    | Noticed Dispater
102363 | Dis:7    | Killed Dispater
102381 | Dis:7    | Got an iron rune of Zot
102384 | Dis:7    | Identified the staff "Yzekh" {rN+ Int+2 Necro}
102542 | Hell     | Identified the +11 war axe of the Lair of Beasts {flame,
                  | rCorr Dex+2 Stlth-}
102552 | Hell     | Anointed Zorug the warrior as your apostle
102697 | Pan      | Entered Pandemonium
102697 | Pan      | Noticed Ymemeupi the pandemonium lord
102709 | Pan      | Killed Ymemeupi the pandemonium lord
103256 | Pan      | Noticed Yponiog the pandemonium lord
103266 | Pan      | Killed Yponiog the pandemonium lord
103284 | Pan      | Got a demonic rune of Zot
103327 | Pan      | Noticed Xan Lereq the pandemonium lord
103330 | Pan      | Killed Xan Lereq the pandemonium lord
103730 | Pan      | Noticed Loamp the pandemonium lord
103808 | Pan      | Found an exit through the horrors of the Abyss.
104031 | Pan      | Identified the +6 mace "Kituicw" {elec, rElec Str+2}
104041 | Pan      | Noticed Houd Ess the pandemonium lord
104046 | Pan      | Killed Houd Ess the pandemonium lord
104142 | Pan      | Entered the realm of Gloorx Vloq.
104510 | Pan      | Noticed Gloorx Vloq
104513 | Pan      | Killed Gloorx Vloq
104576 | Pan      | Got a dark rune of Zot
104675 | Pan      | Entered the realm of Cerebov.
104711 | Pan      | Your ally Margrim died
104740 | Pan      | Found the +6 sword of Cerebov {flame}
104740 | Pan      | Noticed Cerebov
104746 | Pan      | Your ally Oruk died
104749 | Pan      | Your ally Zorug died
104771 | Pan      | Killed Cerebov
104925 | Pan      | Got a fiery rune of Zot
105193 | Pan      | Reached skill level 27 in Invocations
105606 | Pan      | Identified the ring of Rueshruem {Fly rElec rN+ Will-
                  | rCorr}
105606 | Pan      | Identified the +5 sling of Xiattit {elec, rN+ Str-3 Dex+2}
105606 | Pan      | Identified the +0 scale mail of Objectivity {Regen+}
105607 | Pan      | Identified the +3 chain mail of Glamorous Mirth {+Inv rF-
                  | rN+ SInv}
105607 | Pan      | Noticed a seraph
105610 | Pan      | Killed a seraph
105736 | Depths:2 | Escaped Pandemonium
105738 | Pan      | Entered Pandemonium
105757 | Pan      | Entered the realm of Mnoleg.
105757 | Pan      | Noticed Mnoleg
105771 | Pan      | Your ally Oruk died
105773 | Pan      | Your ally Margrim died
105775 | Pan      | Gained mutation: You occasionally lose the ability to read
                  | scrolls when taking damage. [a neqoxec]
105777 | Pan      | Lost mutation: You are clumsy. (Dex -2) [potion of
                  | mutation]
105777 | Pan      | Lost mutation: Your body sometimes deteriorates upon taking
                  | damage. [potion of mutation]
105777 | Pan      | Gained mutation: You have hidden genetic potential. [potion
                  | of mutation]
105777 | Pan      | Gained mutation: You sometimes lose your temper in combat.
                  | [potion of mutation]
105777 | Pan      | Gained mutation: Your muscles are strong. (Str +4, Int/Dex
                  | -1) [potion of mutation]
105778 | Pan      | Lost mutation: You sometimes lose your temper in combat.
                  | [potion of mutation]
105778 | Pan      | Lost mutation: Your muscles are strong. (Str +4, Int/Dex
                  | -1) [potion of mutation]
105778 | Pan      | Lost mutation: You have hidden genetic potential. [potion
                  | of mutation]
105778 | Pan      | Gained mutation: You expend magic power (3 MP) to
                  | strengthen your wands. [potion of mutation]
105778 | Pan      | Gained mutation: Your system is resistant to poisons.
                  | (rPois) [potion of mutation]
105779 | Pan      | Lost mutation: You expend magic power (3 MP) to strengthen
                  | your wands. [potion of mutation]
105779 | Pan      | Lost mutation: Your system is resistant to poisons. (rPois)
                  | [potion of mutation]
105779 | Pan      | Gained mutation: You are agile. (Dex +4, Str/Int -1)
                  | [potion of mutation]
105779 | Pan      | Gained mutation: You are partially covered in large bone
                  | plates. (SH +4) [potion of mutation]
105780 | Pan      | Lost mutation: You are agile. (Dex +4, Str/Int -1) [potion
                  | of mutation]
105780 | Pan      | Lost mutation: You occasionally lose the ability to read
                  | scrolls when taking damage. [potion of mutation]
105780 | Pan      | Gained mutation: Your system is resistant to poisons.
                  | (rPois) [potion of mutation]
106004 | Pan      | Killed Mnoleg
106098 | Pan      | Gained mutation: Armour fits poorly on your strangely
                  | shaped body. [a cacodemon]
106349 | Pan      | Got a glowing rune of Zot
106426 | Pan      | Noticed Mennas
106430 | Pan      | Killed Mennas
106569 | Pan      | Noticed Heiris the pandemonium lord
106578 | Pan      | Killed Heiris the pandemonium lord
106718 | Pan      | Noticed Gofumnoph the pandemonium lord
106722 | Pan      | Killed Gofumnoph the pandemonium lord
106756 | Pan      | Your ally Margrim died
106816 | Pan      | Noticed Nubrol the pandemonium lord
106818 | Pan      | Your ally Zorug died
106819 | Pan      | Killed Nubrol the pandemonium lord
107051 | Pan      | Entered the realm of Lom Lobon.
107494 | Pan      | Noticed Lom Lobon
107498 | Pan      | Killed Lom Lobon
107544 | Pan      | Got a magical rune of Zot
107640 | Pan      | Found an exit through the horrors of the Abyss.
107657 | Pan      | Took an exit into the Abyss.
107657 | Abyss:1  | Escaped into the Abyss
107710 | Abyss:2  | Identified the +4 buckler of Noughts and Crosses {Will+
                  | Int+4}
107795 | Abyss:2  | Found an ancient bone altar of Kikubaaqudgha.
107841 | Abyss:2  | Found a corrupted altar of Lugonu.
107846 | Abyss:2  | Found a corrupted altar of Lugonu.
107846 | Abyss:2  | Found a corrupted altar of Lugonu.
107895 | Abyss:2  | Noticed a dread lich
107900 | Abyss:2  | Paralysed by a dread lich for 4 turns
107904 | Abyss:2  | Killed a dread lich
108364 | Abyss:4  | Reached skill level 27 in Dodging
108373 | Abyss:4  | Got an abyssal rune of Zot
108382 | Depths:2 | Escaped the Abyss
108417 | Depths:2 | Identified the +2 dagger of Yzexed {flame, Str+5}
108417 | Depths:2 | Identified the orb of Chill Winds {*channel, *Slow Slay+5}
108420 | Depths:2 | Anointed Gorbash the wizard as your apostle
108547 | Zot:1    | Entered Level 1 of the Realm of Zot
108628 | Zot:1    | Reached skill level 15 in Fighting
109039 | Zot:3    | Your ally Margrim died
109071 | Zot:3    | Your ally Zorug died
109111 | Zot:3    | Noticed a dread lich
109116 | Zot:3    | Paralysed by a dread lich for 3 turns
109122 | Zot:3    | Killed a dread lich
109125 | Zot:3    | Identified the ring "Plog" {rElec rPois SInv}
109177 | Zot:3    | Noticed an orb of fire
109180 | Zot:3    | Gained mutation: You occasionally shout uncontrollably at
                  | your foes. [an orb of fire]
109182 | Zot:3    | Killed an orb of fire
109249 | Zot:3    | Identified the staff "Neifeam" {Fly rPois rF- Will++ Stlth+
                  | Alchemy}
109300 | Zot:5    | Entered Level 5 of the Realm of Zot
109577 | Zot:5    | Got a prismatic gem with 1 turns to spare
109613 | Zot:5    | Noticed an orb of fire
109617 | Zot:5    | Noticed a dread lich
109618 | Zot:5    | Your ally Margrim died
109618 | Zot:5    | Noticed an ancient lich
109619 | Zot:5    | Killed an orb of fire
109623 | Zot:5    | Killed a dread lich
109624 | Zot:5    | Killed an ancient lich
109625 | Zot:5    | Noticed an ancient lich
109629 | Zot:5    | Noticed a dread lich
109633 | Zot:5    | Killed an ancient lich
109641 | Zot:5    | Your ally Zorug died
109641 | Zot:5    | Noticed an orb of fire
109647 | Zot:5    | Killed an orb of fire
109654 | Zot:5    | Your ally Gorbash died
109656 | Zot:5    | Killed a dread lich
109715 | Zot:5    | Noticed a dread lich
109729 | Zot:5    | Killed a dread lich
109732 | Zot:5    | Noticed a dread lich
109738 | Zot:5    | Killed a dread lich
109961 | Zot:5    | Got the Orb of Zot
110110 | Zot:3    | Identified the +3 robe of Roeb {Int+2}
110110 | Zot:3    | Noticed Boris
110112 | Zot:3    | Killed Boris
110173 | Zot:1    | Noticed a seraph
110180 | Zot:1    | Killed a seraph
110695 | D:1      | Noticed Qyatteq the pandemonium lord
110698 | D:1      | Killed Qyatteq the pandemonium lord
110745 | D:$      | Escaped with the Orb!

Illustrated notes

Levels and vault maps discovered:
D:1:      wander_arrival_abandoned_jail, layout_loops_ring,
          nicolae_ecumenical_lake_church, serial_rivers,
          chequers_serial_rivers_micro_c, chequers_serial_rivers_micro_e,
          chequers_serial_rivers_large_a, chequers_serial_rivers_micro_c,
          chequers_serial_rivers_micro_d, chequers_arboretum,
          minmay_misc_feat_pillars, minmay_lizard_king
D:2:      layout_basic, uniq_robin
D:3:      layout_rooms, mainiacjoe_overflow_cross_hatched,
          yredelemnul_altar_generic, nicolae_the_louvre
D:4:      nicolae_BIG_FREAKIN_CUBE, layout_cave_pools,
          lemuel_coloured_pillars_altar, minmay_temple_entry_junction,
          serial_column_ruins, column_ruins_courtyard_long_water,
          column_ruins_corridor_straight, column_ruins_columns_T,
          column_ruins_open_medium, serial_shops, shop
D:5:      layout_cave_pods, grunt_temple_overflow_open,
          hangedman_abyss_or_decor_jellyfish_corner, uniq_duvessa
D:6:      layout_gridville, uniq_crazy_yiuf_cottage
D:7:      layout_gridville, nicolae_wu_jian_wuxing_cycle, nicolae_tricolors
D:8:      layout_cave_pools, kennysheep_generic_room_6
D:9:      layout_basic, overflow_temple_1_default, erik_lair_orcish_takeover,
          orc_david_3, serial_shops, nicolae_shop_tiny_glass, minmay_liquid_box,
          st_stairs_1
D:10:     layout_basic, vehumet_crystals, mainiacjoe_overflow_surrounded_room,
          nicolae_dithmenos_shadow_blocks, enter_bailey_5
D:11:     cheibrodos_tormentor_scu, layout_rooms, serial_undead,
          serial_undead_d, serial_undead_a, serial_undead_f, serial_undead_d,
          serial_undead_d, serial_undead_b, serial_undead_a, serial_undead_a,
          serial_undead_e, serial_undead_c, gauntlet_entry_generic,
          gammafunk_ghost_wrathful_warriors
D:12:     slaughterhouse, layout_rooms, uniq_gastronok
D:13:     layout_grid_maze, david_vaults_2, kennysheep_kite_vault
D:14:     layout_loops_ring, serial_shops, nicolae_shop_bloodbath_and_beyond,
          infiniplex_staircase_zigzag_1
D:15:     grunt_enter_depths_giant_problem, layout_basic,
          nicolae_ru_the_path_less_chosen, serial_shops, bzr_entry_islet,
          kb_tengu_band
Temple:   nicolae_temple_ecumenical_triangle
Lair:1:   layout_cave_shapes, st_stairs_10, small_statue_intersection,
          serial_bayou_shore_a, grunt_megastairs_3
Lair:2:   layout_cellular_growth, nicolae_shoals_entry_flooding, basic_altar,
          uniq_harold, uniq_nergalle
Lair:3:   layout_gridlike, dummy_snake_entry, serial_bayou_pond_b,
          chequers_serial_rivers_room_a, lemuel_fruit_fields
Lair:4:   layout_concentric_octagons, nicolae_slime_entry_field_trip,
          serial_bayou_shore_b
Lair:5:   minmay_lair_end_enchanted_forest, layout_loops_ring,
          nicolae_quartered_pool_impasse, lemuel_fruit_fields,
          grunt_megastairs_5, lemuel_fruit_fields, serial_bayou_shore_b,
          uniq_nessos
Shoals:1: layout_shoals, nicolae_shoals_lost_giant_amphitheater
Shoals:2: layout_shoals, uniq_roxanne, uniq_ilsuiw
Shoals:3: layout_shoals, nicolae_shoals_c_island
Shoals:4: shoals_end_hellmonk_lost_city
Snake:1:  layout_onion, nicolae_snake_squiggles, drop_trap, uniq_aizul
Snake:2:  layout_grid_maze, nicolae_fountain_basement, lemuel_fruit_tree
Snake:3:  layout_basic, serial_shops, nicolae_shop_stone
Snake:4:  minmay_snake_end_coiled, layout_cave_town, basic_altar, uniq_vashnia
Slime:1:  layout_caves, cheibrodos_slime_lost_civilization_5
Slime:2:  layout_caves
Slime:3:  layout_caves
Slime:4:  layout_caves
Slime:5:  slime_pit_nicolae_inversion, uniq_dissolution
Orc:1:    layout_caves, uniq_josephine
Orc:2:    hellmonk_orc_salted, layout_diamond_mine, nicolae_orc_rockfall,
          david_defended_altar_orc
Elf:1:    minmay_slanted_spiral_squares, layout_onion_city, serial_shops,
          nicolae_shop_waterfront, evilmike_minifort
Elf:2:    nicolae_elf_blades_crystal_corner, layout_geoelf_octagon, uniq_azrael,
          uniq_donald
Elf:3:    minmay_elf_hall_dome, layout_gridlike, nicolae_shop_i_like_big_books,
          minivault_27, patterned_corridor
Vaults:1: portal_desolation_entry_twin_temple, nicolae_vaults_disjoint_gnomons,
          hangedman_vaults_slither, vaults_dpeg_encased_lava,
          nicolae_vaults_shrinking_rooms_2, v_alt_pattern_1,
          nicolae_vaults_little_squares_6, dpeg_vaults_monster_row,
          nicolae_vaults_little_squares_2, hangedman_vaults_locks,
          nicolae_vaults_storage_room_statues, nicolae_vaults_house_2,
          nicolae_vaults_prndl, nicolae_vaults_trapezoid_lopsided_1,
          nicolae_vaults_antechamber_and_loot_room, layout_vaults_maze_snakey,
          serial_shops, nicolae_shop_gibbet_a_chance
Vaults:2: nicolae_vaults_minivaults, hangedman_vaults_river_flow,
          nicolae_vaults_layer_cake_slice, v_pattern_1, nicolae_vaults_alarming,
          nicolae_vaults_apartment_1, nicolae_vaults_closet_pinwheel_5,
          grunt_vaults_bifocal, nicolae_vaults_mini_display_case,
          layout_vaults_big_room, enter_trove_1, serial_shops,
          nicolae_square_shop
Vaults:3: nicolae_vaults_spaceships, v_misc_27, nicolae_vaults_weapon_check,
          ontoclasm_vaults_pinch, v_misc_9, nicolae_vaults_hallways_thing,
          nicolae_vaults_what_the_h, nicolae_vaults_ring_of_whatevers,
          nicolae_vaults_asterisk, nicolae_vaults_taking_the_gang_shopping,
          grunt_vaults_hallway_short, layout_vaults_omnigrid, serial_shops, shop
Vaults:4: v_misc_16, grunt_vaults_swirl, nicolae_vaults_offset_grid_hallway_4,
          v_misc_11, v_misc_1, nicolae_vaults_little_ls, v_misc_10, v_misc_19,
          ontoclasm_vaults_shout, vaults_mumra_lcd, ontoclasm_vaults_eye,
          nicolae_vaults_shelves_hall, nicolae_vaults_yaktaur_gun_rack,
          layout_vaults_ring, serial_magic_research,
          hangedman_research_electronics, hangedman_research_pyrotechnics,
          uniq_margery
Vaults:5: uniq_frederick
Crypt:1:  layout_regular_city, grunt_megastairs_4, grunt_crypt_arrival_webbed,
          uniq_saint_roka
Crypt:2:  layout_basic
Crypt:3:  due_elkab, layout_chaotic_city, uniq_boris
Tomb:1
Depths:1: layout_cave_pools, special_room [special_room_mythical_zoo],
          gammafunk_ghost_tricky_traps, hell_entry,
          nicolae_shop_sticking_my_neck_out, firewood_loft, minmay_shop_grove
Depths:2: kennysheep_scales, layout_gridlike, serial_shops, nicolae_square_shop,
          hell_entry, ebering_ghost_reflecting_pool, grunt_pan_entry_spiral,
          minmay_room_of_horrors, serial_library_hellmonk_open_square,
          nicolae_shop_self_help
Depths:3: nzn_winding_woodlands_medium [nzn_winding_woodlands_hourglass,
          nzn_winding_woodlands_5x15_concentric,
          nzn_winding_woodlands_5x5_perimeter,
          nzn_winding_woodlands_5x5_closed_star,
          nzn_winding_woodlands_center_diamonds,
          nzn_winding_woodlands_5x5_default,
          nzn_winding_woodlands_5x5_open_star,
          nzn_winding_woodlands_5x15_river_crossing,
          nzn_winding_woodlands_5x5_checkerboard], layout_basic,
          nicolae_sif_muna_condensation, abyss_entry, hell_entry,
          hangedman_summoners_spam, uniq_josephina
Depths:4: grunt_zot_entry_bicorn, layout_gridville, enter_ziggurat_b,
          abyss_entry, grunt_pan_entry_sceptre, pf_vacation_house_of_asmodeus
Hell
Dis:1:    nicolae_dis_heavy_handed_symbolism
Dis:2:    layout_gridville, nicolae_dis_metal_dragon_surprise
Dis:3:    layout_subdivisions, nicolae_dis_step_into_the_octagon
Dis:4:    nicolae_dis_hell_towers
Dis:5:    layout_subdivisions
Dis:6:    layout_overlapping_boxes
Dis:7:    dis_hangedman
Zot:1:    kennysheep_room_grid, layout_gridlike
Zot:2:    layout_misc_corridors
Zot:3:    layout_gridlike, nzn_random_ring
Zot:4:    lemuel_halls_of_wrath, layout_twisted_circle,
          regret_index_zotdec_tunneler
Zot:5:    layout_gridlike, gammafunk_ghost_arena

Skill      XL: |  1  2  3  4  5  6  7  8  9 10 11 12 13 14 15 16 17 18 19 20 21 22 23 24 25 26 27 |
---------------+----------------------------------------------------------------------------------+-----
Conjurations   | 2 3 4 6 9 11 12 14 15 16 17 18 19 20 21 22 | 22.3
Dodging        | 2 3 4 6 7 9 10 11 12 14 15 16 17 19 20 22 27 | 27.0
Fighting       | 1 2 4 6 9 10 19 | 19.4
Short Blades   | 1 2 |  2.0
Air Magic      | 3 4 5 6 8 10 11 12 14 15 16 17 20 21 22 | 22.0
Spellcasting   | 3 4 6 8 10 11 14 15 16 18 19 20 21 22 26 | 26.3
Fire Magic     | 1 2 |  2.0
Invocations    | 2 5 8 10 11 12 13 16 17 27 | 27.0
Evocations     | 1 2 4 5 20 | 20.0
Armour         | 2 4 |  4.0
Staves         | 1 3 6 10 12 | 12.0
Shields        | 3 5 6 |  6.4
Stealth        | 5 8 9 10 | 10.0

Action                     |  1- 3 |  4- 6 |  7- 9 | 10-12 | 13-15 | 16-18 | 19-21 | 22-24 | 25-27 || total
---------------------------+-------+-------+-------+-------+-------+-------+-------+-------+-------++-------
  Melee: Dagger            |    41 |    14 |       |       |       |       |       |       |       ||    55
         Unarmed           |     5 |       |       |       |       |       |       |       |       ||     5
         Short sword       |       |    14 |    11 |       |       |       |       |       |       ||    25
         Staff             |       |       |     4 |    41 |    19 |    52 |   112 |     9 |    32 ||   269
   Cast: Shock             |    40 |    62 |    16 |     4 |       |       |       |     1 |       ||   123
         Static Discharge  |       |    17 |     9 |     1 |       |       |     1 |       |       ||    28
         Airstrike         |       |     6 |   107 |   284 |   449 |   834 |   576 |     3 |       ||  2259
         Starburst         |       |       |       |     8 |     1 |       |       |       |       ||     9
         Apportation       |       |       |       |       |       |     2 |       |       |       ||     2
         Chain Lightning   |       |       |       |       |       |       |    79 |   295 |   279 ||   653
         Magnavolt         |       |       |       |       |       |       |       |    59 |     9 ||    68
         Plasma Beam       |       |       |       |       |       |       |       |   256 |   258 ||   514
         Maxwell's Capacit |       |       |       |       |       |       |       |       |   528 ||   528
 Invoke: Convert to Beogh  |       |       |       |     1 |       |       |       |       |       ||     1
         Recruit Apostle   |       |       |       |     2 |     2 |     3 |     3 |     4 |     5 ||    19
         Recall Apostles   |       |       |       |       |    29 |    41 |    18 |     4 |    51 ||   143
         Smiting           |       |       |       |       |     7 |     7 |    42 |       |       ||    56
         Blood for Blood   |       |       |       |       |     1 |     1 |     1 |       |    10 ||    13
         Dismiss Apostle   |       |       |       |       |     1 |     3 |     3 |     5 |     5 ||    17
  Evoke: Wand              |       |       |       |    10 |     8 |     9 |     3 |       |     4 ||    34
         Lightning rod     |       |       |       |       |     7 |     7 |     3 |       |       ||    17
         Horn of Geryon    |       |       |       |       |       |       |       |       |     2 ||     2
         Phantom mirror    |       |       |       |       |       |       |       |       |     1 ||     1
    Use: Scroll            |       |     2 |    12 |     7 |     3 |    12 |    15 |     1 |    17 ||    69
         Potion            |       |     3 |       |     6 |     5 |     7 |    18 |     7 |    18 ||    64
   Stab: Sleeping          |     2 |     2 |     1 |       |       |       |       |       |       ||     5
         Invisible         |       |       |       |       |     1 |       |       |       |       ||     1
         Distracted        |       |       |       |       |       |     1 |     2 |       |       ||     3
         Paralysed         |       |       |       |       |       |       |     1 |       |       ||     1
 Armour: Robe              |    26 |    43 |    10 |       |       |       |    80 |   181 |   506 ||   846
         Steam dragon scal |       |       |    30 |   141 |   131 |   188 |   164 |       |       ||   654
  Dodge: Dodged            |    17 |    38 |    20 |   103 |    90 |    69 |    91 |    89 |   418 ||   935
         Repelled          |       |       |       |       |       |       |       |       |   104 ||   104
  Block: Kite shield       |       |       |       |       |    13 |    31 |       |       |       ||    44
         Reflection        |       |       |       |       |     4 |    98 |    41 |     1 |       ||   144
         Other             |       |       |       |       |     2 |     2 |     3 |     4 |       ||    11
         Tower shield      |       |       |       |       |       |   235 |   348 |       |       ||   583
         Form:             |       |       |       |       |       |     1 |       |       |       ||     1
         Serpent           |       |       |       |       |       |     1 |       |       |       ||     1

Table legend: (Time is in decaauts)
 A = Elapsed time spent in this place.
 B = Non-inter-level travel time spent in this place.
 C = Inter-level travel time spent in this place.
 D = Time resting spent in this place.
 E = Time spent auto-exploring this place.
 F = Levels seen in this place.
 G = Mean time per level.
                   A        B        C        D        E       F      G
               +--------+--------+--------+--------+--------+-----+--------+
         Total | 110675 | 101352 |   9323 |  41549 |  33609 | 104 | 1064.2 |
       Dungeon |  25732 |  22095 |   3637 |   8348 |   9531 |  15 | 1715.5 |
        Temple |      5 |      5 |      0 |      0 |      0 |   1 |    5.0 |
          Lair |   8123 |   7182 |    941 |   2738 |   3244 |   5 | 1624.6 |
        Shoals |   5590 |   5421 |    169 |   2171 |   1658 |   4 | 1397.5 |
     Snake Pit |  13659 |  13038 |    621 |   7643 |   2682 |   4 | 3414.8 |
    Slime Pits |   1452 |   1386 |     66 |    398 |    540 |   5 |  290.4 |
  Orcish Mines |   2925 |   2402 |    523 |    915 |   1006 |   2 | 1462.5 |
   Elven Halls |   8743 |   8570 |    173 |   4668 |   1953 |   3 | 2914.3 |
        Vaults |  15018 |  13513 |   1505 |   5835 |   4937 |   5 | 3003.6 |
         Crypt |   4806 |   4292 |    514 |    743 |   2750 |   3 | 1602.0 |
          Tomb |   1421 |   1053 |    368 |    340 |    468 |   1 | 1421.0 |
        Depths |   5953 |   5450 |    503 |   1498 |   2580 |   4 | 1488.2 |
          Hell |    976 |    970 |      6 |    316 |    363 |   1 |  976.0 |
           Dis |   3583 |   3393 |    190 |   1451 |    670 |   7 |  511.9 |
           Zot |   1593 |   1492 |    101 |    392 |     92 |   5 |  318.6 |
         Abyss |    684 |    684 |      0 |     14 |      0 |   4 |  171.0 |
   Pandemonium |   4752 |   4752 |      0 |   1237 |    445 |  16 |  297.0 |
      Ziggurat |   1697 |   1697 |      0 |    815 |    173 |  16 |  106.1 |
        Bazaar |     26 |     26 |      0 |      0 |      9 |   1 |   26.0 |
        Bailey |   1047 |   1047 |      0 |    395 |    245 |   1 | 1047.0 |
    Desolation |   2879 |   2879 |      0 |   1629 |    263 |   1 | 2879.0 |
               +--------+--------+--------+--------+--------+-----+--------+

Top non-repeatable levels by time:
 Snake:4: 5460 daAuts
 Snake:3: 4248 daAuts
Vaults:4: 3795 daAuts
   Elf:2: 3690 daAuts
    D:13: 3652 daAuts
     D:5: 3153 daAuts
    D:11: 3149 daAuts
   Elf:1: 3136 daAuts
Vaults:2: 3010 daAuts
Vaults:3: 2983 daAuts
Vaults:5: 2969 daAuts
Desolation: 2879 daAuts
  Lair:4: 2560 daAuts
     D:9: 2468 daAuts
 Snake:1: 2383 daAuts
